Workbook

Sheet Demographics & rates
A1: Council name | B1: Council type | C1: Area (km²) | D1: Population | E1: Households | F1: Median annual income | G1: Average residential rates | H1: Average non-residential rates
A2: Ashburton District Council | B2: Provincial | C2: 6181.69 | D2: 35800 | E2: 15345 | F2: 42800 | G2: 3656.1429 | H2: 2520.7738
A3: Auckland Council | B3: Unitary authority | C3: 4940 | D3: 1797300 | E3: 609774 | F3: 44700 | G3: 3269.0434 | H3: 10545.84
A4: Bay of Plenty Regional Council | B4: Regional | C4: 21837 | D4: 531700 | E4: 136236 | F4: 39000 | G4: 566.86535 | H4: 1377.7844
A5: Buller District Council | B5: Rural | C5: 7943 | D5: 10600 | E5: 6054 | F5: 28800 | G5: 2425.6074 | H5: 4521.5817
A6: Carterton District Council | B6: Rural | C6: 1179.91 | D6: 10300 | E6: 4626 | F6: 37800 | G6: 4664.2772 | H6: 3363.6104
A7: Central Hawke's Bay District Council | B7: Rural | C7: 3333 | D7: 16050 | E7: 6867 | F7: 38800 | G7: 3095.2408 | H7: 5008.9403
A8: Central Otago District Council | B8: Rural | C8: 9968 | D8: 25500 | E8: 12441 | F8: 41800 | G8: 3002.719 | H8: 3126.3171
A9: Christchurch City Council | B9: Metropolitan | C9: 1426 | D9: 412000 | E9: 166029 | F9: 40400 | G9: 3369.77 | H9: 16284.3
A10: Clutha District Council | B10: Rural | C10: 6363 | D10: 18700 | E10: 8841 | F10: 39000 | G10: 2514.3666 | H10: 4182.8189
A11: Dunedin City Council | B11: Metropolitan | C11: 3286 | D11: 131800 | E11: 54198 | F11: 33500 | G11: 2977.4812 | H11: 12240.485
A12: Environment Canterbury | B12: Regional | C12: 44503.6 | D12: 687100 | E12: 279888 | F12: 41400 | G12: Does not differentiate between residential and non-residential | H12: Does not differentiate between residential and non-residential
A13: Environment Southland | B13: Regional | C13: 31218.27 | D13: 103800 | E13: 46056 | F13: 41100 | G13: 336.05334 | H13: 1681.7698
A14: Far North District Council | B14: Provincial | C14: 7324 | D14: 73500 | E14: 32538 | F14: 29700 | G14: 536.30803 | H14: 715.61
A15: Gisborne District Council | B15: Unitary authority | C15: 8385 | D15: 53000 | E15: 19314 | F15: 35800 | G15: 3373.6625 | H15: 5136
A16: Gore District Council | B16: Rural | C16: 1254 | D16: 13000 | E16: 5781 | F16: 39300 | G16: 3005.4028 | H16: 4682.31
A17: Greater Wellington Regional Council | B17: Regional | C17: 8094.44 | D17: 541500 | E17: 215007 | F17: 48700 | G17: 848.36 | H17: $2,941 (Region); $15,291 (CBD)
A18: Grey District Council | B18: Rural | C18: 3474 | D18: 14400 | E18: 6888 | F18: 34200 | G18: 2900.05 | H18: 3032.7
A19: Hamilton City Council | B19: Metropolitan | C19: 110 | D19: 189700 | E19: 65403 | F19: 42200 | G19: 3105.3846 | H19: 19283.866
A20: Hastings District Council | B20: Provincial | C20: 5226.71 | D20: 89200 | E20: 32718 | F20: 40500 | G20: 3560.0283 | H20: 6155.8709
A21: Hauraki District Council | B21: Rural | C21: 1270 | D21: 21318 | E21: 9792 | F21: 32000 | G21: 3182.553 | H21: 4412.9884
A22: Hawke's Bay Regional Council | B22: Regional | C22: 14164 | D22: 181100 | E22: 70632 | F22: 39300 | G22: 452.89 | H22: 1276.78
A23: Horizons Regional Council | B23: Regional | C23: 22215 | D23: 261100 | E23: 107883 | F23: 36400 | G23: Does not differentiate between residential and non-residential | H23: Does not differentiate between residential and non-residential
A24: Horowhenua District Council | B24: Provincial | C24: 1064 | D24: 38200 | E24: 17109 | F24: 31700 | G24: 3626.605 | H24: 2344.4123
A25: Hurunui District Council | B25: Rural | C25: 8646 | D25: 14200 | E25: 7353 | F25: 37100 | G25: 2872.6292 | H25: 4585.6639
A26: Hutt City Council | B26: Metropolitan | C26: 376 | D26: 113400 | E26: 42348 | F26: 47800 | G26: 3450.1076 | H26: 13080.49
A27: Invercargill City Council | B27: Provincial | C27: 389.88 | D27: 57600 | E27: 23922 | F27: 39900 | G27: 2744.397 | H27: 7784.0672
A28: Kaikōura District Council | B28: Rural | C28: 2046.81 | D28: 4380 | E28: 2466 | F28: 33300 | G28: 3231.7644 | H28: 3996.5224
A29: Kaipara District Council | B29: Provincial | C29: 3109 | D29: 26800 | E29: 13368 | F29: 31600 | G29: 2840.6389 | H29: 4411.4611
A30: Kapiti Coast District Council | B30: Provincial | C30: 731.52 | D30: 57700 | E30: 26208 | F30: 31900 | G30: 3773.6823 | H30: 4908.472
A31: Kawerau District Council | B31: Rural | C31: 23.56 | D31: 7670 | E31: 2823 | F31: 29200 | G31: 2850.8676 | H31: 32277.741
A32: Mackenzie District Council | B32: Rural | C32: 7139 | D32: 5500 | E32: 4134 | F32: 41400 | G32: 2696.6373 | H32: 3906.7578
A33: Manawatū District Council | B33: Rural | C33: 2566.59 | D33: 33700 | E33: 13377 | F33: 41700 | G33: 3521.1986 | H33: 3561.656
A34: Marlborough District Council | B34: Unitary authority | C34: 12484 | D34: 51600 | E34: 24324 | F34: 39400 | G34: 3334.2137 | H34: 1538.1644
A35: Masterton District Council | B35: Provincial | C35: 2300 | D35: 28700 | E35: 12453 | F35: 37200 | G35: 3131.4916 | H35: 3746.0897
... A49: Ruapehu District Council | B49: Rural | C49: 6734 | D49: 13550 | E49: 7602 | F49: 33800 | G49: 4339.4637 | H49: 5023.7777
A50: Selwyn District Council | B50: Rural | C50: 6381.15 | D50: 85200 | E50: 30075 | F50: 51900 | G50: Does not differentiate between residential and non-residential | H50: Does not differentiate between residential and non-residential
A51: South Taranaki District Council | B51: Provincial | C51: 3575 | D51: 29900 | E51: 12378 | F51: 36700 | G51: 2724.601 | H51: 5236.9543
A52: South Waikato District Council | B52: Provincial | C52: 1818.88 | D52: 25900 | E52: 9912 | F52: 34900 | G52: 3419.9528 | H52: 6926.9563
A53: South Wairarapa District Council | B53: Rural | C53: 2484 | D53: 12250 | E53: 6258 | F53: 42800 | G53: 4062 | H53: 3891
A54: Southland District Council | B54: Rural | C54: 29574.53 | D54: 33300 | E54: 16344 | F54: 41400 | G54: 2714.3063 | H54: 6006.1695
A55: Stratford District Council | B55: Provincial | C55: 2163.42 | D55: 10400 | E55: 4302 | F55: 36900 | G55: 3108.2792 | H55: 4024.4083
A56: Taranaki Regional Council | B56: Regional | C56: 7257 | D56: 130500 | E56: 52650 | F56: 38400 | G56: Does not differentiate between residential and non-residential | H56: Does not differentiate between residential and non-residential
A57: Tararua District Council | B57: Rural | C57: 4364.65 | D57: 19050 | E57: 8190 | F57: 33600 | G57: 3397.2434 | H57: 3786.53
A58: Tasman District Council | B58: Unitary authority | C58: 9616 | D58: 59800 | E58: 25755 | F58: 35900 | G58: 3823.6629 | H58: 5869.9084
A59: Taupo District Council | B59: Rural | C59: 7024 | D59: 42200 | E59: 22044 | F59: 39800 | G59: 3654.6964 | H59: 7054.577
A60: Tauranga City Council | B60: City | C60: 135 | D60: 161300 | E60: 61587 | F60: 42100 | G60: 4143.6398 | H60: 17735.729
A61: Thames-Coromandel District Council | B61: Provincial | C61: 2207 | D61: 32400 | E61: 28829 | F61: 30000 | G61: 3910.5594 | H61: 4442.2776
A62: Timaru District Council | B62: Provincial | C62: 2732.41 | D62: 49500 | E62: 21429 | F62: 38600 | G62: 3374.3013 | H62: 6165.4064
A63: Upper Hutt City Council | B63: City | C63: 540 | D63: 47500 | E63: 17850 | F63: 48600 | G63: 2808.2505 | H63: 17028.715
A64: Waikato District Council | B64: Provincial | C64: 4404 | D64: 90600 | E64: 31869 | F64: 45300 | G64: 491.21078 | H64: 1152.1745
A65: Waikato Regional Council | B65: Regional | C65: 23901.09 | D65: 527600 | E65: 214611 | F65: 40300 | G65: 491.21078 | H65: 1152.1745
A66: Waimakariri District Council | B66: Provincial | C66: 2217 | D66: 69000 | E66: 27375 | F66: 40200 | G66: 3608.3 | H66: 3640
A67: Waimate District Council | B67: Rural | C67: 3554 | D67: 8500 | E67: 3957 | F67: 34200 | G67: 2972.2465 | H67: 4763.744
A68: Waipā District Council | B68: Provincial | C68: 1470 | D68: 61400 | E68: 23379 | F68: 45200 | G68: 3414.9127 | H68: 6473.6591
A69: Wairoa District Council | B69: Rural | C69: 4130 | D69: 8920 | E69: 4260 | F69: 31900 | G69: 2748.7012 | H69: 4116.9825
A70: Waitaki District Council | B70: Provincial | C70: 7107.94 | D70: 24300 | E70: 12051 | F70: 34900 | G70: 2885.58 | H70: Does not differentiate between residential and non-residential
A71: Waitomo District Council | B71: Rural | C71: 3535 | D71: 9950 | E71: 4407 | F71: 35600 | G71: 3216.2121 | H71: 3848.23
A72: Wellington City Council | B72: Metropolitan | C72: 290 | D72: 209900 | E72: 84678 | F72: 55500 | G72: 4130.258 | H72: 48397.818
A73: West Coast Regional Council | B73: Regional | C73: 23245.65 | D73: 34300 | E73: 17967 | F73: 32700 | G73: 556.84714 | H73: Does not differentiate between residential and non-residential
A74: Western Bay of Plenty District Council | B74: Provincial | C74: 1915 | D74: 60800 | E74: 23895 | F74: 37700 | G74: 3925.8141 | H74: 4068.5363
A75: Westland District Council | B75: Rural | C75: 11827.86 | D75: 9270 | E75: 5007 | F75: 36800 | G75: 2379.27 | H75: 16284.02
A76: Whakatane District Council | B76: Rural | C76: 4465 | D76: 38300 | E76: 14982 | F76: 35600 | G76: 3867.8415 | H76: 5067.167
A77: Whanganui District Council | B77: Provincial | C77: 2373 | D77: 48900 | E77: 20544 | F77: 32500 | G77: 3403.2048 | H77: 8509.3407
A78: Whangarei District Council | B78: Metropolitan | C78: 2855 | D78: 100500 | E78: 41319 | F78: 41500 | G78: 2919.1827 | H78: 4361.0639

Sheet Revenue & expenditure (group)
A1: Council name | B1: Total rates revenue per household | C1: Total fees & charges revenue per household | D1: Total development & contributions revenue per household | E1: Central govt subsidies/grants revenue per household | F1: Interest income per household | G1: Other revenue per household | H1: Total revenue per household | I1: Staff costs per household | J1: Finance (interest on debt) costs per household | K1: Operational expenses per household | L1: Total expenditure per household
A2: Ashburton District Council | B2: 3158.1623 | C2: 650.50505 | D2: 138.15575 | E2: 1125.9694 | F2: 99.511241 | G2: 1390.9417 | H2: 6843.0108 | I2: 1362.0723 | J2: 345.38938 | K2: 4433.1052 | L2: 6140.567 | N2: =B2+C2+D2+E2+F2+G2 -> 6563.2454 | O2: =H2-N2 -> 279.7654
A3: Auckland Council | B3: 4137.5985 | C3: 275.18392 | D3: 364.06931 | E3: 2074.5391 | F3: 59.038267 | G3: 1252.9232 | H3: 11791.254 | I3: 1085.6481 | J3: 921.65294 | K3: 5342.9631 | L3: 7337.1446 | N3: =B3+C3+D3+E3+F3+G3 -> 8163.3523 | O3: =H3-N3 -> 3627.9015
A4: Bay of Plenty Regional Council | B4: 591.3782 | C4: 82.393787 | D4: Unavailable | E4: 187.83581 | F4: 430.45157 | G4: 65.702164 | H4: 1357.7615 | I4: 448.2222 | J4: 74.679233 | K4: 837.84022 | L4: 1360.7417 | N4: =B4+C4+D4+E4+F4+G4 -> #VALUE! | O4: =H4-N4 -> #VALUE!
A5: Buller District Council | B5: Unavailable | C5: Unavailable | D5: Unavailable | E5: Unavailable | F5: Unavailable | G5: Unavailable | H5: Unavailable | I5: Unavailable | J5: Unavailable | K5: Unavailable | L5: Unavailable
A6: Carterton District Council | B6: 3821.0117 | C6: 452.22655 | D6: 158.45223 | E6: 229.57198 | F6: 102.03199 | G6: 1066.5802 | H6: 5829.8746 | I6: 1470.601 | J6: 203.84782 | K6: 7320.3632 | L6: 8994.8119 | N6: =B6+C6+D6+E6+F6+G6 -> 5829.8746 | O6: =H6-N6 -> 0
A7: Central Hawke's Bay District Council | B7: 4022.2805 | C7: 840.54172 | D7: 189.60245 | E7: 5813.1644 | F7: 47.619048 | G7: 78.054463 | H7: 10991.263 | I7: 1382.1174 | J7: 302.02417 | K7: 7928.9355 | L7: 9613.077 | N7: =B7+C7+D7+E7+F7+G7 -> 10991.263 | O7: =H7-N7 -> 0
A8: Central Otago District Council | B8: 302.62841 | C8: 2.8936581 | D8: Unavailable | E8: 5.6265574 | F8: Unavailable | G8: 8.2790772 | H8: 318.78466 | I8: 173.61948 | J8: Unavailable | K8: 125.07033 | L8: 298.68982 | N8: =B8+C8+D8+E8+F8+G8 -> #VALUE! | O8: =H8-N8 -> #VALUE!
A9: Christchurch City Council | B9: 4064.0611 | C9: 490.26977 | D9: 211.87865 | E9: 617.06087 | F9: 128.03787 | G9: 9605.1654 | H9: 15150.546 | I9: 1275.2531 | J9: 680.83889 | K9: 3992.4772 | L9: 5948.5692 | N9: =B9+C9+D9+E9+F9+G9 -> 15116.474 | O9: =H9-N9 -> 34.072361
A10: Clutha District Council | B10: 3473.1365 | C10: 124.30721 | D10: Unavailable | E10: 2017.4188 | F10: 215.58647 | G10: 755.90996 | H10: 6885.5333 | I10: 1494.0618 | J10: 660.33254 | K10: 6531.8403 | L10: 8686.2346 | N10: =B10+C10+D10+E10+F10+G10 -> #VALUE! | O10: =H10-N10 -> #VALUE!
A11: Dunedin City Council | B11: 3762.9802 | C11: Unavailable | D11: 69.92878 | E11: 771.48603 | F11: 172.47869 | G11: 7032.7872 | H11: 11809.661 | I11: 1533.1009 | J11: 473.15399 | K11: 5211.8713 | L11: 7218.1261 | N11: =B11+C11+D11+E11+F11+G11 -> #VALUE! | O11: =H11-N11 -> #VALUE!
A12: Environment Canterbury | B12: 601.40127 | C12: 121.7094 | D12: Unavailable | E12: 314.39719 | F12: Unavailable | G12: 17.142571 | H12: 1054.6504 | I12: 279.30815 | J12: 16.999657 | K12: 752.70465 | L12: 1049.0125 | N12: =B12+C12+D12+E12+F12+G12 -> #VALUE! | O12: =H12-N12 -> #VALUE!
A13: Environment Southland | B13: 559.90533 | C13: Unavailable | D13: Unavailable | E13: 222.59858 | F13: Unavailable | G13: 1591.2368 | H13: 2373.7407 | I13: 465.93278 | J13: 1.0639222 | K13: 636.24718 | L13: 1103.2439 | N13: =B13+C13+D13+E13+F13+G13 -> #VALUE! | O13: =H13-N13 -> #VALUE!
A14: Far North District Council | B14: 3155.0802 | C14: 642.4181 | D14: 0 | E14: 1585.1927 | F14: 1.8747311 | G14: 949.56666 | H14: 6546.0692 | I14: 1048.282 | J14: 176.25546 | K14: 4388.1923 | L14: 5612.7297 | N14: =B14+C14+D14+E14+F14+G14 -> 6334.1324 | O14: =H14-N14 -> 211.93681
A15: Gisborne District Council | B15: 4050.7404 | C15: 60.06006 | D15: 32.411722 | E15: 8290.8771 | F15: 152.42829 | G15: 1491.1981 | H15: 13571.917 | I15: 1730.7652 | J15: 318.83608 | K15: 10053.07 | L15: 12102.672 | N15: =B15+C15+D15+E15+F15+G15 -> 14077.716 | O15: =H15-N15 -> -505.7989
A16: Gore District Council | B16: 3864.5563 | C16: 803.32122 | D16: Unavailable | E16: 1030.0986 | F16: 100.67462 | G16: 222.27988 | H16: 5946.722 | I16: 1664.9369 | J16: 489.01574 | K16: 4453.2088 | L16: 6607.1614 | N16: =B16+C16+D16+E16+F16+G16 -> #VALUE! | O16: =H16-N16 -> #VALUE!
A17: Greater Wellington Regional Council | B17: 103.2199 | C17: 0.088369216 | D17: Unavailable | E17: 19.236583 | F17: Unavailable | G17: 27.045631 | H17: 149.59048 | I17: 148.0789 | J17: 6.4044426 | K17: 26.022409 | L17: 180.50575 | N17: =B17+C17+D17+E17+F17+G17 -> #VALUE! | O17: =H17-N17 -> #VALUE!
A18: Grey District Council | B18: 3118.9024 | C18: 761.03368 | D18: 121.51568 | E18: 1353.223 | F18: 55.168409 | G18: 372.67712 | H18: 5782.5203 | I18: 1163.1823 | J18: 215.44715 | K18: 5328.6876 | L18: 6707.3171 | N18: =B18+C18+D18+E18+F18+G18 -> 5782.5203 | O18: =H18-N18 -> 0
A19: Hamilton City Council | B19: 3909.8971 | C19: 794.84122 | D19: 486.8584 | E19: 422.58 | F19: 270.95087 | G19: 586.31867 | H19: 8157.6839 | I19: 1876.1219 | J19: 906.83914 | K19: 4561.6103 | L19: 7344.5713 | N19: =B19+C19+D19+E19+F19+G19 -> 6471.4463 | O19: =H19-N19 -> 1686.2376
A20: Hastings District Council | B20: 3390.8858 | C20: 1295.2809 | D20: 153.21841 | E20: 1065.9576 | F20: 37.227214 | G20: 20.264075 | H20: 9496.4546 | I20: 1470.5972 | J20: 306.3757 | K20: 5463.9648 | L20: 7240.9377 | N20: =B20+C20+D20+E20+F20+G20 -> 5962.8339 | O20: =H20-N20 -> 3533.6206
A21: Hauraki District Council | B21: 4019.5057 | C21: 528.18627 | D21: 61.683007 | E21: 1071.9975 | F21: 72.610294 | G21: 74.95915 | H21: 5828.942 | I21: 2112.0302 | J21: 471.81373 | K21: 5002.451 | L21: 7586.2949 | N21: =B21+C21+D21+E21+F21+G21 -> 5828.942 | O21: =H21-N21 -> 0
A22: Hawke's Bay Regional Council | B22: 580.2186 | C22: Unavailable | D22: Unavailable | E22: 2268.7167 | F22: Unavailable | G22: 2009.6982 | H22: 5322.9131 | I22: 511.31215 | J22: 71.79 | K22: 3079.3974 | L22: 3676.11 | N22: =B22+C22+D22+E22+F22+G22 -> #VALUE! | O22: =H22-N22 -> #VALUE!
A23: Horizons Regional Council | B23: 52.019317 | C23: 24.257761 | D23: Unavailable | E23: 96.734425 | F23: Unavailable | G23: Unavailable | H23: 173.0115 | I23: 160.13644 | J23: Unavailable | K23: 15.285077 | L23: 175.42152 | N23: =B23+C23+D23+E23+F23+G23 -> #VALUE! | O23: =H23-N23 -> #VALUE!
A24: Horowhenua District Council | B24: 3070.4892 | C24: 241.45187 | D24: 45.356245 | E24: 772.57584 | F24: 94.920802 | G24: 308.55106 | H24: 4661.8154 | I24: 1243.6145 | J24: 529.31206 | K24: 3185.0488 | L24: 4957.9753 | N24: =B24+C24+D24+E24+F24+G24 -> 4533.345 | O24: =H24-N24 -> 128.4704
A25: Hurunui District Council | B25: 3961.2403 | C25: 2828.5054 | D25: 245.20604 | E25: 1236.2301 | F25: 23.119815 | G25: 877.87298 | H25: 9172.1746 | I25: 2534.3397 | J25: 421.59663 | K25: 6230.9262 | L25: 9186.8625 | N25: =B25+C25+D25+E25+F25+G25 -> 9172.1746 | O25: =H25-N25 -> 0
A26: Hutt City Council | B26: 3685.3925 | C26: 1554.3827 | D26: 207.75479 | E26: 1150.2078 | F26: 123.38245 | G26: 177.29291 | H26: 6905.4737 | I26: 1168.8628 | J26: 511.54718 | K26: 4821.0305 | L26: 6501.4404 | N26: =B26+C26+D26+E26+F26+G26 -> 6898.4131 | O26: =H26-N26 -> 7.060546
A27: Invercargill City Council | B27: 2980.1856 | C27: Unavailable | D27: Unavailable | E27: 675.02717 | F27: 178.70579 | G27: 1248.5996 | H27: 5479.893 | I27: 1443.1068 | J27: 212.23142 | K27: 4351.6428 | L27: 6006.981 | N27: =B27+C27+D27+E27+F27+G27 -> #VALUE! | O27: =H27-N27 -> #VALUE!
A28: Kaikōura District Council | B28: 3903.0819 | C28: 1090.8354 | D28: 4.86618 | E28: 3218.1671 | F28: 42.98459 | G28: 175.99351 | H28: 8722.6277 | I28: 1555.5556 | J28: 132.60341 | K28: 6034.4688 | L28: 7722.6277 | N28: =B28+C28+D28+E28+F28+G28 -> 8435.9286 | O28: =H28-N28 -> 286.69911
A29: Kaipara District Council | B29: 3417.2651 | C29: Unavailable | D29: Unavailable | E29: 2611.9838 | F29: Unavailable | G29: 1107.3459 | H29: 7136.5949 | I29: 1195.392 | J29: 231.82226 | K29: 4465.2154 | L29: 5892.4297 | N29: =B29+C29+D29+E29+F29+G29 -> #VALUE! | O29: =H29-N29 -> #VALUE!
A30: Kapiti Coast District Council | B30: 3344.1316 | C30: 460.58455 | D30: 222.83272 | E30: 554.33455 | F30: Unavailable | G30: 3222.9472 | H30: 7804.8306 | I30: 1504.9603 | J30: 357.29548 | K30: 4197.5733 | L30: 6059.8291 | N30: =B30+C30+D30+E30+F30+G30 -> #VALUE! | O30: =H30-N30 -> #VALUE!
A31: Kawerau District Council | B31: 4625.5756 | C31: 609.63514 | D31: Unavailable | E31: 1039.3199 | F31: 29.047113 | G31: 110.87496 | H31: 6414.0985 | I31: 2422.6001 | J31: 75.80588 | K31: 4306.4116 | L31: 6804.4633 | N31: =B31+C31+D31+E31+F31+G31 -> #VALUE! | O31: =H31-N31 -> #VALUE!
A32: Mackenzie District Council | B32: 3888.4857 | C32: 543.78326 | D32: 134.49444 | E32: 1358.7325 | F32: 109.3372 | G32: 993.71069 | H32: 7123.851 | I32: 1459.1195 | J32: 204.64441 | K32: 6564.5864 | L32: 8228.3503 | N32: =B32+C32+D32+E32+F32+G32 -> 7028.5438 | O32: =H32-N32 -> 95.307209
A33: Manawatū District Council | B33: 3510.2041 | C33: Unavailable | D33: 156.38783 | E33: 1221.8734 | F33: 72.662032 | G33: 1053.5995 | H33: 6014.7268 | I33: 1182.6269 | J33: 336.62256 | K33: 4185.8414 | L33: 5705.0908 | N33: =B33+C33+D33+E33+F33+G33 -> #VALUE! | O33: =H33-N33 -> #VALUE!
A34: Marlborough District Council | B34: 3594.4335 | C34: Unavailable | D34: 217.85068 | E34: 2147.7142 | F34: 183.60467 | G34: 4519.158 | H34: 10806.57 | I34: 187.05805 | J34: 17.719125 | K34: 59.735241 | L34: 264.51242 | N34: =B34+C34+D34+E34+F34+G34 -> #VALUE! | O34: =H34-N34 -> #VALUE!
A35: Masterton District Council | B35: 3298.4823 | C35: 807.91777 | D35: Unavailable | E35: 778.84847 | F35: 130.57095 | G35: 25.776921 | H35: 5041.5964 | I35: 3835.8628 | J35: 255.19955 | K35: Unavailable | L35: 4091.0624 | N35: =B35+C35+D35+E35+F35+G35 -> #VALUE! | O35: =H35-N35 -> #VALUE!
A36: Matamata-Piako District Council | B36: 3346.5902 | C36: 672.4047 | D36: 198.06094 | E36: 585.60876 | F36: 78.551642 | G36: 177.68104 | H36: 5923.9546 | I36: 1626.9621 | J36: 193.44414 | K36: 3587.6533 | L36: 5408.0596 | N36: =B36+C36+D36+E36+F36+G36 -> 5058.8972 | O36: =H36-N36 -> 865.05738
A37: Napier City Council | B37: 3205.9539 | C37: Unavailable | D37: 190.95703 | E37: 751.1874 | F37: 46.972587 | G37: 2325.0683 | H37: 6289.2778 | I37: 2239.089 | J37: 24.08467 | K37: 4891.5442 | L37: 7154.7178 | N37: =B37+C37+D37+E37+F37+G37 -> #VALUE! | O37: =H37-N37 -> #VALUE!
A38: Nelson City Council | B38: 3745.293 | C38: 2588.2613 | D38: 107.35437 | E38: 1455.0075 | F38: 83.620613 | G38: 738.84027 | H38: 8382.9223 | I38: 1441.5274 | J38: 489.12755 | K38: 5966.8965 | L38: 7897.5515 | N38: =B38+C38+D38+E38+F38+G38 -> 8718.3771 | O38: =H38-N38 -> -335.45479
A39: New Plymouth District Council | B39: 4395.4424 | C39: Unavailable | D39: 47.837658 | E39: 1140.4857 | F39: 112.24218 | G39: 1564.0053 | H39: 8706.0213 | I39: 2048.5695 | J39: 385.49568 | K39: 5335.4957 | L39: 7769.5609 | N39: =B39+C39+D39+E39+F39+G39 -> #VALUE! | O39: =H39-N39 -> #VALUE!
A40: Northland Regional Council | B40: 546.39849 | C40: 114.13673 | D40: Unavailable | E40: 254.62151 | F40: 8.7788665 | G40: 146.8913 | H40: 1135.2702 | I40: 321.67784 | J40: 9.7644834 | K40: 616.59504 | L40: 948.03736 | N40: =B40+C40+D40+E40+F40+G40 -> #VALUE! | O40: =H40-N40 -> #VALUE!
A41: Ōpōtiki District Council | B41: 3143.2209 | C41: 362.40187 | D41: 10.608954 | E41: 1708.4659 | F41: 24.824952 | G41: 29.91725 | H41: 5279.4398 | I41: 1434.1184 | J41: 110.96966 | K41: 3942.4995 | L41: 5487.5875 | N41: =B41+C41+D41+E41+F41+G41 -> 5279.4398 | O41: =H41-N41 -> 0
A42: Otago Regional Council | B42: 516.83456 | C42: 39.613395 | D42: Unavailable | E42: 275.89618 | F42: 232.66177 | G42: 97.422634 | H42: 1162.4285 | I42: 1030.6743 | J42: 84.163717 | K42: 0.24503131 | L42: 1115.083 | N42: =B42+C42+D42+E42+F42+G42 -> #VALUE! | O42: =H42-N42 -> #VALUE!
A43: Ōtorohanga District Council | B43: 3558.4239 | C43: Unavailable | D43: Unavailable | E43: 1867.7536 | F43: 86.277174 | G43: 1972.3732 | H43: 7543.2518 | I43: 1319.067 | J43: 182.74457 | K43: 4892.663 | L43: 6394.4746 | N43: =B43+C43+D43+E43+F43+G43 -> #VALUE! | O43: =H43-N43 -> #VALUE!
A44: Palmerston North City Council | B44: 3656.7805 | C44: Unavailable | D44: Unavailable | E44: 184.68826 | F44: 49.87201 | G44: 1549.1806 | H44: 5446.9062 | I44: 1672.2865 | J44: 424.33872 | K44: 3340.5714 | L44: 5437.1966 | N44: =B44+C44+D44+E44+F44+G44 -> #VALUE! | O44: =H44-N44 -> #VALUE!
A45: Porirua City Council | B45: 4684.9854 | C45: 1465.5491 | D45: 17.201166 | E45: 914.33431 | F45: Unavailable | G45: Unavailable | H45: 7747.036 | I45: 1902.5753 | J45: 486.00583 | K45: 4877.5024 | L45: 7266.0836 | N45: =B45+C45+D45+E45+F45+G45 -> #VALUE! | O45: =H45-N45 -> #VALUE!
A46: Queenstown-Lakes District Council | B46: 4884.3074 | C46: Unavailable | D46: Unavailable | E46: Unavailable | F46: Unavailable | G46: 11521.653 | H46: 16405.96 | I46: 1931.676 | J46: 1241.8629 | K46: 7311.0633 | L46: 10484.602 | N46: =B46+C46+D46+E46+F46+G46 -> #VALUE! | O46: =H46-N46 -> #VALUE!
A47: Rangitīkei District Council | B47: 4150.8621 | C47: Unavailable | D47: Unavailable | E47: 2260.4885 | F47: 87.212644 | G47: 533.18966 | H47: 7273.9943 | I47: 1268.6782 | J47: 214.79885 | K47: 6470.6897 | L47: 7954.1667 | N47: =B47+C47+D47+E47+F47+G47 -> #VALUE! | O47: =H47-N47 -> #VALUE!
A48: Rotorua Lakes Council | B48: 4316.7105 | C48: Unavailable | D48: 66.592488 | E48: 1589.3519 | F48: 39.011397 | G48: 975.8244 | H48: 6987.4907 | I48: 1175.6019 | J48: 581.15854 | K48: 4828.6803 | L48: 6585.4407 | N48: =B48+C48+D48+E48+F48+G48 -> #VALUE! | O48: =H48-N48 -> #VALUE!
A49: Ruapehu District Council | B49: 3779.4002 | C49: 444.88293 | D49: 25.782689 | E49: 2645.8827 | F49: 35.911602 | G49: 77.084978 | H49: 7067.3507 | I49: 911.07603 | J49: 371.08656 | K49: 5890.6867 | L49: 7172.8493 | N49: =B49+C49+D49+E49+F49+G49 -> 7008.945 | O49: =H49-N49 -> 58.405683
A50: Selwyn District Council | B50: 3195.2452 | C50: 903.60765 | D50: 495.8936 | E50: 897.12386 | F50: 51.305071 | G50: 1655.8271 | H50: 7968.6451 | I50: 1409.3433 | J50: 169.57606 | K50: 4898.2544 | L50: 6477.1737 | N50: =B50+C50+D50+E50+F50+G50 -> 7199.0025 | O50: =H50-N50 -> 769.64256
A51: South Taranaki District Council | B51: 3903.0538 | C51: 763.61286 | D51: 454.92002 | E51: 1336.9688 | F51: 702.13282 | G51: 358.1354 | H51: 7518.8237 | I51: 1507.1094 | J51: 568.58943 | K51: 5252.7872 | L51: 7328.486 | N51: =B51+C51+D51+E51+F51+G51 -> 7518.8237 | O51: =H51-N51 -> 0
A52: South Waikato District Council | B52: 4024.9193 | C52: 463.78128 | D52: 58.414044 | E52: 1017.958 | F52: 84.342211 | G52: 319.91525 | H52: 5969.3301 | I52: 1529.5601 | J52: 262.71186 | K52: 4139.7296 | L52: 5932.0016 | N52: =B52+C52+D52+E52+F52+G52 -> 5969.3301 | O52: =H52-N52 -> 0
A53: South Wairarapa District Council | B53: 4149.249 | C53: 376.31831 | D53: 240.01278 | E53: 1108.0217 | F53: 98.753595 | G53: 263.18313 | H53: 6235.5385 | I53: 1057.047 | J53: 150.36753 | K53: 6482.4225 | L53: 7689.837 | N53: =B53+C53+D53+E53+F53+G53 -> 6235.5385 | O53: =H53-N53 -> 0
A54: Southland District Council | B54: 3871.8796 | C54: Unavailable | D54: 2.2638277 | E54: 1530.7146 | F54: 45.337739 | G54: 1074.0333 | H54: 6712.0656 | I54: 1141.4586 | J54: 62.285854 | K54: 5930.1273 | L54: 7133.8718 | N54: =B54+C54+D54+E54+F54+G54 -> #VALUE! | O54: =H54-N54 -> #VALUE!
A55: Stratford District Council | B55: 3770.1069 | C55: 663.17992 | D55: 23.477452 | E55: 1366.3412 | F55: 122.50116 | G55: 32.543003 | H55: 5984.8907 | I55: 1440.2603 | J55: 282.89168 | K55: 4254.7652 | L55: 5977.9172 | N55: =B55+C55+D55+E55+F55+G55 -> 5978.1497 | O55: =H55-N55 -> 6.7410507
A56: Taranaki Regional Council | B56: 358.55651 | C56: Unavailable | D56: Unavailable | E56: 321.25356 | F56: -20.569801 | G56: 102.45014 | H56: 1960.7217 | I56: 742.37417 | J56: -27.103514 | K56: 971.35802 | L56: 1754.416 | N56: =B56+C56+D56+E56+F56+G56 -> #VALUE! | O56: =H56-N56 -> #VALUE!
A57: Tararua District Council | B57: 4122.2222 | C57: 558.36386 | D57: Unavailable | E57: 6655.7998 | F57: 187.54579 | G57: 42.857143 | H57: 11570.085 | I57: 1327.8388 | J57: 453.11355 | K57: 8730.8913 | L57: 10511.844 | N57: =B57+C57+D57+E57+F57+G57 -> #VALUE! | O57: =H57-N57 -> #VALUE!
A58: Tasman District Council | B58: 3884.6438 | C58: 745.02038 | D58: 772.82081 | E58: 1146.8064 | F58: 145.6028 | G58: 975.15046 | H58: 8868.0256 | I58: 1480.4892 | J58: 2211.5317 | K58: 4167.0355 | L58: 7859.0565 | N58: =B58+C58+D58+E58+F58+G58 -> 7670.0447 | O58: =H58-N58 -> 1197.981
A59: Taupo District Council | B59: 4210.0345 | C59: 675.05897 | D59: 97.486844 | E59: 552.07766 | F59: 297.85883 | G59: 1900.0635 | H59: 7732.5803 | I59: 1409.9528 | J59: 536.65396 | K59: 4436.3999 | L59: 6383.0067 | N59: =B59+C59+D59+E59+F59+G59 -> 7732.5803 | O59: =H59-N59 -> 0
A60: Tauranga City Council | B60: 4790.2317 | C60: 999.65902 | D60: Unavailable | E60: 578.54742 | F60: 173.51064 | G60: 59.801582 | H60: 6601.7504 | I60: 5600.8736 | J60: 804.17945 | K60: 38.238589 | L60: 6443.2916 | N60: =B60+C60+D60+E60+F60+G60 -> #VALUE! | O60: =H60-N60 -> #VALUE!
A61: Thames-Coromandel District Council | B61: 3272.8849 | C61: 512.29665 | D61: 41.624753 | E61: 870.37358 | F61: 34.721981 | G61: 224.14929 | H61: 4956.0512 | I61: 848.45121 | J61: 1374.4493 | K61: 2525.2697 | L61: 4748.1702 | N61: =B61+C61+D61+E61+F61+G61 -> 4956.0512 | O61: =H61-N61 -> 0
A62: Timaru District Council | B62: 3372.9059 | C62: 866.16268 | D62: 34.485977 | E62: 776.00448 | F62: 158.05684 | G62: 1198.656 | H62: 6626.9075 | I62: 1222.1289 | J62: 466.424 | K62: 4810.3038 | L62: 6498.8567 | N62: =B62+C62+D62+E62+F62+G62 -> 6406.2719 | O62: =H62-N62 -> 220.63559
A63: Upper Hutt City Council | B63: 2997.535 | C63: 428.12325 | D63: 117.47899 | E63: 730.53221 | F63: 155.85434 | G63: 557.19888 | H63: 4986.8347 | I63: 1003.5854 | J63: 438.9916 | K63: 4104.3137 | L63: 5546.8908 | N63: =B63+C63+D63+E63+F63+G63 -> 4986.7227 | O63: =H63-N63 -> 0.11204482
A64: Waikato District Council | B64: 4091.5623 | C64: Unavailable | D64: 232.98503 | E64: 991.5592 | F64: 102.41928 | G64: 1640.7167 | H64: 7059.2425 | I64: 1411.9364 | J64: 308.73262 | K64: 4702.3126 | L64: 6422.9816 | N64: =B64+C64+D64+E64+F64+G64 -> #VALUE! | O64: =H64-N64 -> #VALUE!
A65: Waikato Regional Council | B65: 615.83982 | C65: 68.002106 | D65: Unavailable | E65: 179.35241 | F65: 10.833555 | G65: 68.025404 | H65: 972.07972 | I65: 286.47646 | J65: 8.2008844 | K65: 609.2232 | L65: 903.90055 | N65: =B65+C65+D65+E65+F65+G65 -> #VALUE! | O65: =H65-N65 -> #VALUE!
A66: Waimakariri District Council | B66: 3196.7489 | C66: Unavailable | D66: 579.14155 | E66: 473.31507 | F66: 120.03653 | G66: 817.42466 | H66: 5206.2466 | I66: 3757.9543 | J66: 388.05479 | K66: 5692.9315 | L66: 9838.9406 | N66: =B66+C66+D66+E66+F66+G66 -> #VALUE! | O66: =H66-N66 -> #VALUE!
A67: Waimate District Council | B67: 3563.3055 | C67: 336.36593 | D67: 85.670963 | E67: 1506.697 | F67: 39.423806 | G67: 1163.5077 | H67: 6694.9709 | I67: 1466.2623 | J67: 71.013394 | K67: 4487.4905 | L67: 6024.7662 | N67: =B67+C67+D67+E67+F67+G67 -> 6694.9709 | O67: =H67-N67 -> 0
A68: Waipā District Council | B68: 3467.7702 | C68: 890.50002 | D68: 318.19154 | E68: 930.87814 | F68: 42.388468 | G68: 65.229479 | H68: 7292.998 | I68: 1375.3368 | J68: 457.54737 | K68: 3942.1703 | L68: 5775.0545 | N68: =B68+C68+D68+E68+F68+G68 -> 5714.9579 | O68: =H68-N68 -> 1578.0401
A69: Wairoa District Council | B69: 4493.1925 | C69: 738.73239 | D69: Unavailable | E69: 13730.282 | F69: 182.86385 | G69: 4093.662 | H69: 23257.746 | I69: Unavailable | J69: Unavailable | K69: Unavailable | L69: Unavailable | N69: =B69+C69+D69+E69+F69+G69 -> #VALUE! | O69: =H69-N69 -> #VALUE!
A70: Waitaki District Council | B70: 3408.4308 | C70: 513.56734 | D70: Unavailable | E70: 961.91187 | F70: 72.608082 | G70: 1621.6911 | H70: 8000.7468 | I70: 1507.2608 | J70: 246.03767 | K70: 5281.7194 | L70: 7035.0178 | N70: =B70+C70+D70+E70+F70+G70 -> #VALUE! | O70: =H70-N70 -> #VALUE!
A71: Waitomo District Council | B71: 5102.5641 | C71: 9705.9224 | D71: Unavailable | E71: 4582.2555 | F71: 34.490583 | G71: 169.72998 | H71: 19594.963 | I71: 1644.6562 | J71: 370.54686 | K71: 7411.6179 | L71: 9426.821 | N71: =B71+C71+D71+E71+F71+G71 -> #VALUE! | O71: =H71-N71 -> #VALUE!
A72: Wellington City Council | B72: 5706.9369 | C72: Unavailable | D72: 79.27679 | E72: 1736.2597 | F72: 227.37901 | G72: 2416.6608 | H72: 10760.906 | I72: Unavailable | J72: 920.78226 | K72: 6999.2206 | L72: 10426.226 | N72: =B72+C72+D72+E72+F72+G72 -> #VALUE! | O72: =H72-N72 -> #VALUE!
A73: West Coast Regional Council | B73: 618.02193 | C73: Unavailable | D73: Unavailable | E73: 868.20282 | F73: 12.189013 | G73: 292.92592 | H73: 1959.8152 | I73: 411.8662 | J73: 57.60561 | K73: Unavailable | L73: 469.47181 | N73: =B73+C73+D73+E73+F73+G73 -> #VALUE! | O73: =H73-N73 -> #VALUE!
A74: Western Bay of Plenty District Council | B74: 3725.633 | C74: 463.44424 | D74: 452.01925 | E74: 679.51454 | F74: 79.598242 | G74: 625.44465 | H74: 6025.6539 | I74: 1306.4658 | J74: 219.33459 | K74: 4724.6286 | L74: 6250.429 | N74: =B74+C74+D74+E74+F74+G74 -> 6025.6539 | O74: =H74-N74 -> 0
A75: Westland District Council | B75: 3735.5702 | C75: 548.03275 | D75: Unavailable | E75: 1980.028 | F75: 232.07509 | G75: 4660.0759 | H75: 11155.782 | I75: 1338.9255 | J75: 360.09587 | K75: 6762.5325 | L75: 8461.5538 | N75: =B75+C75+D75+E75+F75+G75 -> #VALUE! | O75: =H75-N75 -> #VALUE!
A76: Whakatane District Council | B76: 3941.3296 | C76: 598.65172 | D76: 13.215859 | E76: 1867.7747 | F76: 75.223602 | G76: 252.30276 | H76: 6766.5866 | I76: 1794.4867 | J76: 520.49126 | K76: 4656.7214 | L76: 6971.6994 | N76: =B76+C76+D76+E76+F76+G76 -> 6748.4982 | O76: =H76-N76 -> 18.088373
A77: Whanganui District Council | B77: 3726.7329 | C77: Unavailable | D77: 13.580607 | E77: 1387.023 | F77: 131.66861 | G77: 1542.7375 | H77: 6796.5343 | I77: 1463.1036 | J77: 1980.2375 | K77: 3721.9626 | L77: 7165.3037 | N77: =B77+C77+D77+E77+F77+G77 -> #VALUE! | O77: =H77-N77 -> #VALUE!
A78: Whangarei District Council | B78: 3084.1017 | C78: 436.99025 | D78: 158.25649 | E78: 1214.405 | F78: 81.899368 | G78: 657.34892 | H78: 5686.2702 | I78: 865.55822 | J78: 252.95869 | K78: 4067.3056 | L78: 5185.8225 | N78: =B78+C78+D78+E78+F78+G78 -> 5633.0018 | O78: =H78-N78 -> 53.268472

Sheet Revenue & expenditure (council)
A1: Council name | B1: Total rates revenue per household | C1: Total fees and charges revenue per household | D1: Total development & contributions revenue per household | E1: Central govt subsidies/ grants revenue per household | F1: Interest income per household | G1: Other revenue per household | H1: Total revenue per household | I1: Staff costs per household | J1: Finance (interest on debt) costs per household | K1: Operational expenses per household | L1: Total expenditure per household
A2: Ashburton District Council | B2: 3158.1623 | C2: 650.50505 | D2: 138.15575 | E2: 1125.9694 | F2: 99.511241 | G2: 1390.9417 | H2: 6843.0108 | I2: 1362.0723 | J2: 345.38938 | K2: 4433.1052 | L2: 6140.567 | N2: =B2+C2+D2+E2+F2+G2 -> 6563.2454 | O2: =H2-N2 -> 279.7654
A3: Auckland Council | B3: 4155.638 | C3: 596.94247 | D3: 364.06931 | E3: 247.63273 | F3: 45.918652 | G3: 606.78218 | H3: 6687.7236 | I3: 1085.6481 | J3: 1469.3969 | K3: 4782.0996 | L3: 7337.1446 | N3: =B3+C3+D3+E3+F3+G3 -> 6016.9833 | O3: =H3-N3 -> 670.74031
A4: Bay of Plenty Regional Council | B4: 591.3782 | C4: Unavailable | D4: Unavailable | E4: 218.53989 | F4: 430.45157 | G4: 162.95986 | H4: 1403.3295 | I4: 448.2222 | J4: 144.77084 | K4: 770.39109 | L4: 1363.3841 | N4: =B4+C4+D4+E4+F4+G4 -> #VALUE! | O4: =H4-N4 -> #VALUE!
A5: Buller District Council | B5: Unavailable | C5: Unavailable | D5: Unavailable | E5: Unavailable | F5: Unavailable | G5: Unavailable | H5: Unavailable | I5: Unavailable | J5: Unavailable | K5: Unavailable | L5: Unavailable
A6: Carterton District Council | B6: 3821.0117 | C6: 452.22655 | D6: 158.45223 | E6: 229.57198 | F6: 102.03199 | G6: 1066.5802 | H6: 5829.8746 | I6: 1509.5115 | J6: 203.84782 | K6: 5810.8517 | L6: 7524.211 | N6: =B6+C6+D6+E6+F6+G6 -> 5829.8746 | O6: =H6-N6 -> 0
A7: Central Hawke's Bay District Council | B7: 4022.4261 | C7: 840.54172 | D7: 189.60245 | E7: 5813.0188 | F7: 47.619048 | G7: 78.054463 | H7: 10991.263 | I7: 1382.1174 | J7: 302.02417 | K7: 5638.1244 | L7: 7322.2659 | N7: =B7+C7+D7+E7+F7+G7 -> 10991.263 | O7: =H7-N7 -> 0
A8: Central Otago District Council | B8: 302.62841 | C8: 2.8936581 | D8: Unavailable | E8: 5.6265574 | F8: Unavailable | G8: 8.2790772 | H8: 318.78466 | I8: 1218.0693 | J8: 1692.79 | K8: 2731.5328 | L8: 5642.3921 | N8: =B8+C8+D8+E8+F8+G8 -> #VALUE! | O8: =H8-N8 -> #VALUE!
A9: Christchurch City Council | B9: 4170.7172 | C9: 491.97429 | D9: 211.87262 | E9: 583.31376 | F9: 327.19585 | G9: 1345.8974 | H9: 7130.9711 | I9: 1269.5613 | J9: 2856.9286 | K9: 2481.4219 | L9: 6607.9119 | N9: =B9+C9+D9+E9+F9+G9 -> 7130.9711 | O9: =H9-N9 -> 0
A10: Clutha District Council | B10: 3473.1365 | C10: 124.30721 | D10: Unavailable | E10: 2017.4188 | F10: 215.58647 | G10: 755.90996 | H10: 6885.5333 | I10: 1494.0618 | J10: 2595.5209 | K10: 4596.652 | L10: 8686.2346 | N10: =B10+C10+D10+E10+F10+G10 -> #VALUE! | O10: =H10-N10 -> #VALUE!
A11: Dunedin City Council | B11: 3762.9802 | C11: Unavailable | D11: 69.92878 | E11: 770.58194 | F11: 458.28259 | G11: 1496.6235 | H11: 6558.397 | I11: 1533.1009 | J11: 2633.7503 | K11: 3051.275 | L11: 7218.1261 | N11: =B11+C11+D11+E11+F11+G11 -> #VALUE! | O11: =H11-N11 -> #VALUE!
A12: Environment Canterbury | B12: 601.40127 | C12: 121.7094 | D12: Unavailable | E12: 314.39719 | F12: Unavailable | G12: 17.142571 | H12: 1054.6504 | I12: 279.30815 | J12: 46.204196 | K12: 723.50011 | L12: 1049.0125 | N12: =B12+C12+D12+E12+F12+G12 -> #VALUE! | O12: =H12-N12 -> #VALUE!
A13: Environment Southland | B13: 559.90533 | C13: Unavailable | D13: Unavailable | E13: 222.59858 | F13: Unavailable | G13: 473.53222 | H13: 1256.0361 | I13: 465.93278 | J13: 16.610214 | K13: 620.70089 | L13: 1103.2439 | N13: =B13+C13+D13+E13+F13+G13 -> #VALUE! | O13: =H13-N13 -> #VALUE!
A14: Far North District Council | B14: 3166.7281 | C14: Unavailable | D14: Unavailable | E14: 1581.4125 | F14: ='Revenue & expenditure (group)'!F14 -> 1.8747311 | G14: 259.08169 | H14: 5700.2582 | I14: 1048.282 | J14: 1642.0493 | K14: 2922.3984 | L14: 5612.7297 | N14: =B14+C14+D14+E14+F14+G14 -> #VALUE! | O14: =H14-N14 -> #VALUE!
A15: Gisborne District Council | B15: 4065.1341 | C15: Unavailable | D15: 32.411722 | E15: 8261.4166 | F15: 151.91053 | G15: 658.12364 | H15: 13190.898 | I15: 1614.6836 | J15: 1968.8309 | K15: 8487.4702 | L15: 12070.985 | N15: =B15+C15+D15+E15+F15+G15 -> #VALUE! | O15: =H15-N15 -> #VALUE!
A16: Gore District Council | B16: 3864.5563 | C16: 803.32122 | D16: Unavailable | E16: 1030.0986 | F16: 100.67462 | G16: 222.27988 | H16: 5946.722 | I16: 1664.9369 | J16: 2020.4117 | K16: 2921.8128 | L16: 6607.1614 | N16: =B16+C16+D16+E16+F16+G16 -> #VALUE! | O16: =H16-N16 -> #VALUE!
A17: Greater Wellington Regional Council | B17: 103.2199 | C17: 0.088369216 | D17: Unavailable | E17: 19.236583 | F17: Unavailable | G17: 27.045631 | H17: 149.59048 | I17: 405.34029 | J17: 425.28848 | K17: 2023.0272 | L17: 2853.6559 | N17: =B17+C17+D17+E17+F17+G17 -> #VALUE! | O17: =H17-N17 -> #VALUE!
A18: Grey District Council | B18: 3118.9024 | C18: 761.03368 | D18: 121.51568 | E18: 1353.223 | F18: 55.168409 | G18: 372.67712 | H18: 5782.5203 | I18: 1163.1823 | J18: 2183.5075 | K18: 3360.6272 | L18: 6707.3171 | N18: =B18+C18+D18+E18+F18+G18 -> 5782.5203 | O18: =H18-N18 -> 0
A19: Hamilton City Council | B19: 3909.8971 | C19: 794.84122 | D19: 486.8584 | E19: 422.58 | F19: 270.95087 | G19: 590.14113 | H19: 8161.5064 | I19: 3152.623 | J19: 2563.6744 | K19: 1628.2739 | L19: 7344.5713 | N19: =B19+C19+D19+E19+F19+G19 -> 6475.2687 | O19: =H19-N19 -> 1686.2376
A20: Hastings District Council | B20: 3390.8858 | C20: 1293.0803 | D20: 153.21841 | E20: 1065.9576 | F20: 37.227214 | G20: 20.264075 | H20: 9496.4546 | I20: Unavailable | J20: 2436.1208 | K20: 6664.5577 | L20: 9100.6785 | N20: =B20+C20+D20+E20+F20+G20 -> 5960.6333 | O20: =H20-N20 -> 3535.8213
A21: Hauraki District Council | B21: 4019.5057 | C21: 528.18627 | D21: 61.683007 | E21: 1071.9975 | F21: 72.610294 | G21: 74.95915 | H21: 5828.942 | I21: 2112.0302 | J21: 2134.8039 | K21: 3339.4608 | L21: 7586.2949 | N21: =B21+C21+D21+E21+F21+G21 -> 5828.942 | O21: =H21-N21 -> 0
A22: Hawke's Bay Regional Council | B22: 580.2186 | C22: 131.80994 | D22: Unavailable | E22: 2142.4992 | F22: Unavailable | G22: 236.38011 | H22: 3213.6992 | I22: 523.94099 | J22: 71.79 | K22: 3013.3226 | L22: 3688.7388 | N22: =B22+C22+D22+E22+F22+G22 -> #VALUE! | O22: =H22-N22 -> #VALUE!
A23: Horizons Regional Council | B23: 52.019317 | C23: 24.257761 | D23: Unavailable | E23: 96.734425 | F23: Unavailable | G23: =16448000/'Demographics & rates'!E23 -> 152.46146 | H23: 173.0115 | I23: 272.20229 | J23: 90.70938 | K23: 621.59933 | L23: 984.511 | N23: =B23+C23+D23+E23+F23+G23 -> #VALUE! | O23: =H23-N23 -> #VALUE!
A24: Horowhenua District Council | B24: 3070.4892 | C24: 241.45187 | D24: 45.356245 | E24: 772.57584 | F24: 93.634929 | G24: 308.55106 | H24: 4660.5295 | I24: 1243.6145 | J24: 1535.5076 | K24: 2031.4454 | L24: 4810.5675 | N24: =B24+C24+D24+E24+F24+G24 -> 4532.0592 | O24: =H24-N24 -> 128.4704
A25: Hurunui District Council | B25: 3961.2403 | C25: 2828.5054 | D25: 245.20604 | E25: 1236.2301 | F25: 23.119815 | G25: 877.87298 | H25: 9172.1746 | I25: 2534.3397 | J25: 2699.9864 | K25: 3952.5364 | L25: 9186.8625 | N25: =B25+C25+D25+E25+F25+G25 -> 9172.1746 | O25: =H25-N25 -> 0
A26: Hutt City Council | B26: 3695.2867 | C26: 1423.68 | D26: 207.70757 | E26: 1150.2078 | F26: 151.03429 | G26: 177.88325 | H26: 6814.1589 | I26: 1168.8628 | J26: 1801.0296 | K26: 3494.0965 | L26: 6463.9889 | N26: =B26+C26+D26+E26+F26+G26 -> 6805.7996 | O26: =H26-N26 -> 8.3593086
A27: Invercargill City Council | B27: 2980.1856 | C27: 1248.5996 | D27: Unavailable | E27: 675.02717 | F27: 178.70579 | G27: =88000/'Demographics & rates'!E27 -> 3.6786222 | H27: 5479.893 | I27: 1443.1068 | J27: 1995.9034 | K27: 2567.9709 | L27: 6006.981 | N27: =B27+C27+D27+E27+F27+G27 -> #VALUE! | O27: =H27-N27 -> #VALUE!
A28: Kaikōura District Council | B28: 3903.0819 | C28: 738.03731 | D28: 4.86618 | E28: 3228.7105 | F28: 42.98459 | G28: 175.99351 | H28: 8380.3731 | I28: 1444.4444 | J28: 2252.6358 | K28: 3486.618 | L28: 7183.6983 | N28: =B28+C28+D28+E28+F28+G28 -> 8093.674 | O28: =H28-N28 -> 286.69911
A29: Kaipara District Council | B29: 3417.2651 | C29: 892.80371 | D29: Unavailable | E29: 2611.9838 | F29: Unavailable | G29: 214.54219 | H29: 7136.5949 | I29: 1195.392 | J29: 1446.2896 | K29: 3250.7481 | L29: 5892.4297 | N29: =B29+C29+D29+E29+F29+G29 -> #VALUE! | O29: =H29-N29 -> #VALUE!
A30: Kapiti Coast District Council | B30: 3344.1316 | C30: 460.58455 | D30: 222.83272 | E30: 554.33455 | F30: Unavailable | G30: 3222.9472 | H30: 7804.8306 | I30: Unavailable | J30: 1470.6578 | K30: 3084.2109 | L30: 4554.8687 | N30: =B30+C30+D30+E30+F30+G30 -> #VALUE! | O30: =H30-N30 -> #VALUE!
A31: Kawerau District Council | B31: 4625.5756 | C31: 609.63514 | D31: Unavailable | E31: 1039.3199 | F31: 29.047113 | G31: 110.87496 | H31: 6414.0985 | I31: 2422.2458 | J31: 46.758767 | K31: 2609.6351 | L31: 5078.994 | N31: =B31+C31+D31+E31+F31+G31 -> #VALUE! | O31: =H31-N31 -> #VALUE!
A32: Mackenzie District Council | B32: 3888.2438 | C32: 543.78326 | D32: 134.49444 | E32: 1358.7325 | F32: 109.3372 | G32: 730.04354 | H32: 7123.851 | I32: 1459.1195 | J32: 1905.6604 | K32: 4863.5704 | L32: 8228.3503 | N32: =B32+C32+D32+E32+F32+G32 -> 6764.6347 | O32: =H32-N32 -> 359.21626
A33: Manawatū District Council | B33: 3521.1183 | C33: Unavailable | D33: 156.38783 | E33: 1193.3916 | F33: 81.931674 | G33: 831.57659 | H33: 5784.4061 | I33: 1182.6269 | J33: 2250.1308 | K33: 2272.3331 | L33: 5705.0908 | N33: =B33+C33+D33+E33+F33+G33 -> #VALUE! | O33: =H33-N33 -> #VALUE!
A34: Marlborough District Council | B34: 3626.7884 | C34: Unavailable | D34: 217.85068 | E34: 2147.7142 | F34: 328.6466 | G34: 2125.185 | H34: 8589.5823 | I34: 1294.6884 | J34: 2316.6009 | K34: 3903.5109 | L34: 7514.8002 | N34: =B34+C34+D34+E34+F34+G34 -> #VALUE! | O34: =H34-N34 -> #VALUE!
A35: Masterton District Council | B35: 3298.4823 | C35: 807.83747 | D35: Unavailable | E35: 778.84847 | F35: 130.57095 | G35: 25.857223 | H35: 5041.5964 | I35: 1181.2415 | J35: 1906.6088 | K35: 2885.4091 | L35: 5973.2595 | N35: =B35+C35+D35+E35+F35+G35 -> #VALUE! | O35: =H35-N35 -> #VALUE!
A36: Matamata-Piako District Council | B36: 3346.5902 | C36: 672.4047 | D36: 198.06094 | E36: 585.60876 | F36: 78.551642 | G36: 177.68104 | H36: 5923.9546 | I36: 1573.0774 | J36: 1628.8748 | K36: 1756.4306 | L36: 4958.3828 | N36: =B36+C36+D36+E36+F36+G36 -> 5058.8972 | O36: =H36-N36 -> 865.05738
A37: Napier City Council | B37: 3205.9539 | C37: Unavailable | D37: 190.95703 | E37: 751.1874 | F37: 46.972587 | G37: 2325.0683 | H37: 6289.2778 | I37: 2239.089 | J37: 1694.1172 | K37: 3221.1377 | L37: 7154.3438 | N37: =B37+C37+D37+E37+F37+G37 -> #VALUE! | O37: =H37-N37 -> #VALUE!
A38: Nelson City Council | B38: 3745.293 | C38: 1793.0699 | D38: 107.35437 | E38: 1426.3679 | F38: 76.416512 | G38: 770.13171 | H38: 7573.9415 | I38: 1441.5274 | J38: 2382.2152 | K38: 4073.8089 | L38: 7897.5515 | N38: =B38+C38+D38+E38+F38+G38 -> 7918.6334 | O38: =H38-N38 -> -344.69195
A39: New Plymouth District Council | B39: 4399.7671 | C39: Unavailable | D39: 47.837658 | E39: 1079.0419 | F39: 131.07119 | G39: 1274.817 | H39: 8378.5429 | I39: 2048.5695 | J39: 1731.4039 | K39: 3989.5875 | L39: 7769.5609 | N39: =B39+C39+D39+E39+F39+G39 -> #VALUE! | O39: =H39-N39 -> #VALUE!
A40: Northland Regional Council | B40: 546.39849 | C40: 87.238554 | D40: Unavailable | E40: 254.62151 | F40: 8.3892041 | G40: 83.846198 | H40: 1044.1235 | I40: 321.67784 | J40: 34.771646 | K40: 591.58787 | L40: 948.03736 | N40: =B40+C40+D40+E40+F40+G40 -> #VALUE! | O40: =H40-N40 -> #VALUE!
A41: Ōpōtiki District Council | B41: 3143.2209 | C41: 362.40187 | D41: 10.608954 | E41: 1708.4659 | F41: 24.824952 | G41: 29.91725 | H41: 5279.4398 | I41: 1434.1184 | J41: 1381.0736 | K41: 2672.3955 | L41: 5487.5875 | N41: =B41+C41+D41+E41+F41+G41 -> 5279.4398 | O41: =H41-N41 -> 0
A42: Otago Regional Council | B42: 516.83456 | C42: 39.613395 | D42: Unavailable | E42: 275.89618 | F42: 232.66177 | G42: 97.422634 | H42: 1162.4285 | I42: 304.46501 | J42: 120.67338 | K42: 728.55069 | L42: 1153.6891 | N42: =B42+C42+D42+E42+F42+G42 -> #VALUE! | O42: =H42-N42 -> #VALUE!
A43: Ōtorohanga District Council | B43: 3140.1721 | C43: 473.27899 | D43: Unavailable | E43: 1867.7536 | F43: 86.277174 | G43: 1972.3732 | H43: 7543.2518 | I43: 1319.067 | J43: 1853.9402 | K43: 3221.4674 | L43: 6394.4746 | N43: =B43+C43+D43+E43+F43+G43 -> #VALUE! | O43: =H43-N43 -> #VALUE!
A44: Palmerston North City Council | B44: 3669.4619 | C44: Unavailable | D44: Unavailable | E44: 180.5102 | F44: 58.1693 | G44: 1059.052 | H44: 4973.5781 | I44: 1672.2865 | J44: 1693.677 | K44: 2034.1601 | L44: 5400.1236 | N44: =B44+C44+D44+E44+F44+G44 -> #VALUE! | O44: =H44-N44 -> #VALUE!
A45: Porirua City Council | B45: 4684.9854 | C45: 1465.5491 | D45: 17.201166 | E45: 914.33431 | F45: Unavailable | G45: Unavailable | H45: 7747.036 | I45: 1902.5753 | J45: 2166.7153 | K45: 3196.793 | L45: 7266.0836 | N45: =B45+C45+D45+E45+F45+G45 -> #VALUE! | O45: =H45-N45 -> #VALUE!
A46: Queenstown-Lakes District Council | B46: 4902.8326 | C46: Unavailable | D46: Unavailable | E46: Unavailable | F46: Unavailable | G46: 9422.0549 | H46: 14324.887 | I46: 1931.676 | J46: 2564.3998 | K46: 4746.6635 | L46: 9242.7393 | N46: =B46+C46+D46+E46+F46+G46 -> #VALUE! | O46: =H46-N46 -> #VALUE!
A47: Rangitīkei District Council | B47: 4150.8621 | C47: Unavailable | D47: Unavailable | E47: 2260.4885 | F47: 87.212644 | G47: 533.18966 | H47: 7273.9943 | I47: 1268.6782 | J47: 2712.5 | K47: 3971.1207 | L47: 7952.2989 | N47: =B47+C47+D47+E47+F47+G47 -> #VALUE! | O47: =H47-N47 -> #VALUE!
A48: Rotorua Lakes Council | B48: 4320.5543 | C48: Unavailable | D48: 66.592488 | E48: 1586.5871 | F48: 52.060152 | G48: 632.37575 | H48: 6658.1698 | I48: 1175.6019 | J48: 2100.4788 | K48: 3309.36 | L48: 6585.4407 | N48: =B48+C48+D48+E48+F48+G48 -> #VALUE! | O48: =H48-N48 -> #VALUE!
A49: Ruapehu District Council | B49: 3779.4002 | C49: 444.88293 | D49: 25.782689 | E49: 2645.8827 | F49: 34.727703 | G49: 75.769534 | H49: 7064.8514 | I49: 911.07603 | J49: 1902.2626 | K49: 4117.206 | L49: 6930.5446 | N49: =B49+C49+D49+E49+F49+G49 -> 7006.4457 | O49: =H49-N49 -> 58.405683
A50: Selwyn District Council | B50: 3195.478 | C50: 903.60765 | D50: 495.8936 | E50: 897.12386 | F50: 35.743973 | G50: 258.55362 | H50: 6645.6193 | I50: 1409.3433 | J50: 1777.8221 | K50: 3290.0083 | L50: 6477.1737 | N50: =B50+C50+D50+E50+F50+G50 -> 5786.4007 | O50: =H50-N50 -> 859.21862
A51: South Taranaki District Council | B51: 3903.0538 | C51: 763.61286 | D51: 454.92002 | E51: 1336.9688 | F51: 702.13282 | G51: 358.1354 | H51: 7518.8237 | I51: 1507.1094 | J51: 2716.1092 | K51: 3105.2674 | L51: 7328.486 | N51: =B51+C51+D51+E51+F51+G51 -> 7518.8237 | O51: =H51-N51 -> 0
A52: South Waikato District Council | B52: 4024.9193 | C52: 463.78128 | D52: 58.414044 | E52: 1017.958 | F52: 84.342211 | G52: 319.91525 | H52: 5969.3301 | I52: 1529.5601 | J52: 1520.4802 | K52: 2881.9613 | L52: 5932.0016 | N52: =B52+C52+D52+E52+F52+G52 -> 5969.3301 | O52: =H52-N52 -> 0
A53: South Wairarapa District Council | B53: 4149.249 | C53: 376.31831 | D53: 240.01278 | E53: 1108.0217 | F53: 98.753595 | G53: 133.42921 | H53: 6235.5385 | I53: 1057.047 | J53: 1099.233 | K53: 5533.557 | L53: 7689.837 | N53: =B53+C53+D53+E53+F53+G53 -> 6105.7846 | O53: =H53-N53 -> 129.75391
A54: Southland District Council | B54: 3871.8796 | C54: Unavailable | D54: 2.2638277 | E54: 1530.7146 | F54: 43.86931 | G54: 1073.9109 | H54: 6710.536 | I54: 1141.4586 | J54: 2546.3779 | K54: 3446.0352 | L54: 7133.8718 | N54: =B54+C54+D54+E54+F54+G54 -> #VALUE! | O54: =H54-N54 -> #VALUE!
A55: Stratford District Council | B55: 3770.1069 | C55: 656.20642 | D55: 23.477452 | E55: 1365.8763 | F55: 113.90051 | G55: 32.543003 | H55: 5964.6676 | I55: 1440.2603 | J55: 1732.9149 | K55: 2804.742 | L55: 5977.9172 | N55: =B55+C55+D55+E55+F55+G55 -> 5962.1106 | O55: =H55-N55 -> 2.5569503
A56: Taranaki Regional Council | B56: 358.55651 | C56: Unavailable | D56: Unavailable | E56: 110.0095 | F56: Unavailable | G56: 407.69231 | H56: 876.25831 | I56: 419.16429 | J56: 19.468186 | K56: 552.19373 | L56: 990.82621 | N56: =B56+C56+D56+E56+F56+G56 -> #VALUE! | O56: =H56-N56 -> #VALUE!
A57: Tararua District Council | B57: 4122.2222 | C57: 558.36386 | D57: Unavailable | E57: 6655.7998 | F57: 187.54579 | G57: 42.857143 | H57: 11570.085 | I57: 1327.8388 | J57: 2716.8498 | K57: 6467.1551 | L57: 10511.844 | N57: =B57+C57+D57+E57+F57+G57 -> #VALUE! | O57: =H57-N57 -> #VALUE!
A58: Tasman District Council | B58: 3884.6438 | C58: 745.02038 | D58: 772.82081 | E58: 1146.8064 | F58: 145.6028 | G58: 975.15046 | H58: 8868.0256 | I58: 107.97903 | J58: 139.50689 | K58: 141.68123 | L58: 389.16715 | N58: =B58+C58+D58+E58+F58+G58 -> 7670.0447 | O58: =H58-N58 -> 1197.981
A59: Taupo District Council | B59: 4211.2593 | C59: 620.30484 | D59: 97.486844 | E59: 552.07766 | F59: 296.22573 | G59: 1899.4284 | H59: 7676.7828 | I59: 1409.9528 | J59: 2211.35 | K59: 2761.7039 | L59: 6383.0067 | N59: =B59+C59+D59+E59+F59+G59 -> 7676.7828 | O59: =H59-N59 -> 0
A60: Tauranga City Council | B60: 4790.2317 | C60: 999.64278 | D60: Unavailable | E60: 578.54742 | F60: 173.51064 | G60: 59.817819 | H60: 6601.7504 | I60: 1735.4799 | J60: 2377.3848 | K60: 3870.963 | L60: 7983.8278 | N60: =B60+C60+D60+E60+F60+G60 -> #VALUE! | O60: =H60-N60 -> #VALUE!
A61: Thames-Coromandel District Council | B61: 3272.8849 | C61: 512.29665 | D61: 41.624753 | E61: 870.37358 | F61: 34.721981 | G61: 224.14929 | H61: 4956.0512 | I61: 848.45121 | J61: 1374.4493 | K61: 2525.2697 | L61: 4748.1702 | N61: =B61+C61+D61+E61+F61+G61 -> 4956.0512 | O61: =H61-N61 -> 0
A62: Timaru District Council | B62: 3397.6854 | C62: 866.16268 | D62: 34.485977 | E62: 767.83798 | F62: 220.26226 | G62: 1084.885 | H62: 6420.1783 | I62: 1222.1289 | J62: 2261.7948 | K62: 2793.5975 | L62: 6277.5211 | N62: =B62+C62+D62+E62+F62+G62 -> 6371.3192 | O62: =H62-N62 -> 48.859023
A63: Upper Hutt City Council | B63: 2997.535 | C63: 409.29972 | D63: 117.47899 | E63: 710.42017 | F63: 154.73389 | G63: 558.26331 | H63: 4947.7871 | I63: 1003.5854 | J63: 1759.6639 | K63: 2783.6415 | L63: 5546.8908 | N63: =B63+C63+D63+E63+F63+G63 -> 4947.7311 | O63: =H63-N63 -> 0.056022409
A64: Waikato District Council | B64: 4091.5623 | C64: Unavailable | D64: 232.98503 | E64: 991.5592 | F64: 102.41928 | G64: 1640.7167 | H64: 7059.2425 | I64: 1411.9364 | J64: 1785.2459 | K64: 3225.7994 | L64: 6422.9816 | N64: =B64+C64+D64+E64+F64+G64 -> #VALUE! | O64: =H64-N64 -> #VALUE!
A65: Waikato Regional Council | B65: 615.83982 | C65: 68.002106 | D65: Unavailable | E65: 179.35241 | F65: 10.833555 | G65: 68.025404 | H65: 972.07972 | I65: 286.47646 | J65: 60.057499 | K65: 557.36658 | L65: 903.90055 | N65: =B65+C65+D65+E65+F65+G65 -> #VALUE! | O65: =H65-N65 -> #VALUE!
A66: Waimakariri District Council | B66: 3196.7489 | C66: Unavailable | D66: 579.14155 | E66: 473.31507 | F66: 120.03653 | G66: 817.42466 | H66: 5206.2466 | I66: Unavailable | J66: Unavailable | K66: Unavailable | L66: Unavailable | N66: =B66+C66+D66+E66+F66+G66 -> #VALUE! | O66: =H66-N66 -> #VALUE!
A67: Waimate District Council | B67: 3563.3055 | C67: 336.36593 | D67: 85.670963 | E67: 1506.697 | F67: 39.423806 | G67: 1163.5077 | H67: 6694.9709 | I67: Unavailable | J67: Unavailable | K67: Unavailable | L67: Unavailable | N67: =B67+C67+D67+E67+F67+G67 -> 6694.9709 | O67: =H67-N67 -> 0
A68: Waipā District Council | B68: 3467.7702 | C68: 890.50002 | D68: 318.19154 | E68: 930.87814 | F68: 42.388468 | G68: 65.229479 | H68: 7292.998 | I68: 1375.3368 | J68: 2138.9281 | K68: 2246.2894 | L68: 5760.5543 | N68: =B68+C68+D68+E68+F68+G68 -> 5714.9579 | O68: =H68-N68 -> 1578.0401
A69: Wairoa District Council | B69: 4493.1925 | C69: 780.28169 | D69: Unavailable | E69: 13730.282 | F69: 252.8169 | G69: Unavailable | H69: 19275.822 | I69: 15200.939 | J69: 267.84038 | K69: 1797.1831 | L69: Unavailable | N69: =B69+C69+D69+E69+F69+G69 -> #VALUE! | O69: =H69-N69 -> #VALUE!
A70: Waitaki District Council | B70: 3425.4419 | C70: 475.14729 | D70: 93.021326 | E70: 956.26919 | F70: 196.24927 | G70: Unavailable | H70: 5517.3015 | I70: 1507.2608 | J70: 1951.6223 | K70: 3283.0471 | L70: 6741.9301 | N70: =B70+C70+D70+E70+F70+G70 -> #VALUE! | O70: =H70-N70 -> #VALUE!
A71: Waitomo District Council | B71: 5105.9678 | C71: 995.23485 | D71: Unavailable | E71: 4573.179 | F71: 33.582936 | G71: 165.19174 | H71: 10873.156 | I71: 1644.6562 | J71: 2514.182 | K71: 5213.5239 | L71: 9372.3622 | N71: =B71+C71+D71+E71+F71+G71 -> #VALUE! | O71: =H71-N71 -> #VALUE!
A72: Wellington City Council | B72: 5706.9369 | C72: Unavailable | D72: 79.27679 | E72: 1630.0338 | F72: 206.03935 | G72: 2097.8176 | H72: 10460.415 | I72: Unavailable | J72: 3412.8581 | K72: 6703.4413 | L72: 10116.299 | N72: =B72+C72+D72+E72+F72+G72 -> #VALUE! | O72: =H72-N72 -> #VALUE!
A73: West Coast Regional Council | B73: 618.02193 | C73: 292.92592 | D73: Unavailable | E73: 965.32532 | F73: 12.189013 | G73: Unavailable | H73: 1959.8152 | I73: 1293.3712 | J73: 57.60561 | K73: Unavailable | L73: 1350.9768 | N73: =B73+C73+D73+E73+F73+G73 -> #VALUE! | O73: =H73-N73 -> #VALUE!
A74: Western Bay of Plenty District Council | B74: 3725.633 | C74: 463.44424 | D74: 452.01925 | E74: 679.51454 | F74: 79.598242 | G74: 625.44465 | H74: 6025.6539 | I74: 14.814815 | J74: 0.25109856 | K74: 87.968194 | L74: 103.03411 | N74: =B74+C74+D74+E74+F74+G74 -> 6025.6539 | O74: =H74-N74 -> 0
A75: Westland District Council | B75: 3772.9179 | C75: 548.03275 | D75: Unavailable | E75: 1973.4372 | F75: 226.48292 | G75: 397.24386 | H75: 6918.1146 | I75: 1338.9255 | J75: 2018.9734 | K75: 5103.6549 | L75: 8461.5538 | N75: =B75+C75+D75+E75+F75+G75 -> #VALUE! | O75: =H75-N75 -> #VALUE!
A76: Whakatane District Council | B76: 3941.3296 | C76: 598.65172 | D76: 13.215859 | E76: 1867.7747 | F76: 75.223602 | G76: 252.30276 | H76: 6766.5866 | I76: 1794.4867 | J76: 2282.0718 | K76: 3026.8989 | L76: 7103.4575 | N76: =B76+C76+D76+E76+F76+G76 -> 6748.4982 | O76: =H76-N76 -> 18.088373
A77: Whanganui District Council | B77: 3726.7329 | C77: 821.79712 | D77: 13.580607 | E77: 1387.2177 | F77: 136.73092 | G77: Unavailable | H77: 6065.5666 | I77: 1213.639 | J77: 1812.7921 | K77: 3269.7138 | L77: 6296.1449 | N77: =B77+C77+D77+E77+F77+G77 -> #VALUE! | O77: =H77-N77 -> #VALUE!
A78: Whangarei District Council | B78: 3084.1017 | C78: 436.99025 | D78: 158.25649 | E78: 1214.0178 | F78: 78.172269 | G78: 598.97384 | H78: 5625.5476 | I78: 865.55822 | J78: 252.95869 | K78: 2618.9888 | L78: 3737.5057 | N78: =B78+C78+D78+E78+F78+G78 -> 5570.5124 | O78: =H78-N78 -> 55.035214

Sheet Assets & debt (group)
A1: Council name | B1: Total assets | C1: Assets per household | D1: Total equity | E1: Total liabilities | F1: Liabilities per household | G1: 12-month change in debt per household | H1: Total equity per household
A2: Ashburton District Council | B2: 1182491 | C2: =B2/'Demographics & rates'!E2 -> 77.060345 | D2: =B2-E2 -> 1029981 | E2: 152510 | F2: =E2/'Demographics & rates'!E2 -> 9.9387423 | G2: -2560.3128 | H2: =D2/'Demographics & rates'!E2 -> 67.121603
A3: Auckland Council | B3: 74394000000 | C3: =B3/'Demographics & rates'!E3 -> 122002.58 | D3: 55624000000 | E3: 18770000000 | F3: =E3/'Demographics & rates'!E3 -> 30781.896 | G3: -3291.3834 | H3: =D3/'Demographics & rates'!E3 -> 91220.682
A4: Bay of Plenty Regional Council | B4: 4225611 | C4: =B4/'Demographics & rates'!E4 -> 31.016846 | D4: =B4-E4 -> 3004101 | E4: 1221510 | F4: =E4/'Demographics & rates'!E4 -> 8.9661323 | G4: -805.91033 | H4: =D4/'Demographics & rates'!E4 -> 22.050713
A5: Buller District Council | B5: Unavailable | C5: Unavailable | D5: Unavailable | E5: Unavailable | F5: Unavailable | G5: Unavailable | H5: Unavailable
A6: Carterton District Council | B6: 299869 | C6: =B6/'Demographics & rates'!E6 -> 64.822525 | D6: =B6-E6 -> 269989 | E6: 29880 | F6: =E6/'Demographics & rates'!E6 -> 6.459144 | G6: -1567.0125 | H6: =D6/'Demographics & rates'!E6 -> 58.363381
A7: Central Hawke's Bay District Council | B7: 1102639 | C7: =B7/'Demographics & rates'!E7 -> 160.5707 | D7: =B7-E7 -> 1037437 | E7: 65202 | F7: =E7/'Demographics & rates'!E7 -> 9.494976 | G7: -739.33304 | H7: =D7/'Demographics & rates'!E7 -> 151.07572
A8: Central Otago District Council | B8: 1200485 | C8: =B8/'Demographics & rates'!E8 -> 96.494253 | D8: =B8-E8 -> 1154748 | E8: 45737 | F8: =E8/'Demographics & rates'!E8 -> 3.6763122 | G8: -767.06053 | H8: =D8/'Demographics & rates'!E8 -> 92.817941
A9: Christchurch City Council | B9: 22806445 | C9: =B9/'Demographics & rates'!E9 -> 137.36423 | D9: =B9-E9 -> 5315658 | E9: 17490787 | F9: =E9/'Demographics & rates'!E9 -> 105.34778 | G9: -1657.0117 | H9: =D9/'Demographics & rates'!E9 -> 32.016443
A10: Clutha District Council | B10: 1941673 | C10: =B10/'Demographics & rates'!E10 -> 219.62142 | D10: =B10-E10 -> 1803198 | E10: 138475 | F10: =E10/'Demographics & rates'!E10 -> 15.662821 | G10: -5743.9204 | H10: =D10/'Demographics & rates'!E10 -> 203.9586
A11: Dunedin City Council | B11: 6216676 | C11: =B11/'Demographics & rates'!E11 -> 114.70305 | D11: =B11-E11 -> 4849593 | E11: 1367083 | F11: =E11/'Demographics & rates'!E11 -> 25.223864 | G11: 3897.4316 | H11: =D11/'Demographics & rates'!E11 -> 89.479187
A12: Environment Canterbury | B12: 1512075 | C12: =B12/'Demographics & rates'!E12 -> 5.4024288 | D12: =B12-E12 -> 1380537 | E12: 131538 | F12: =E12/'Demographics & rates'!E12 -> 0.46996656 | G12: -72.060967 | H12: =D12/'Demographics & rates'!E12 -> 4.9324623
A13: Environment Southland | B13: 208599 | C13: =B13/'Demographics & rates'!E13 -> 4.529247 | D13: =B13-E13 -> 152125 | E13: 56474 | F13: =E13/'Demographics & rates'!E13 -> 1.2262029 | G13: -155.52805 | H13: =D13/'Demographics & rates'!E13 -> 3.3030441
A14: Far North District Council | B14: 2963851 | C14: =B14/'Demographics & rates'!E14 -> 91.088911 | D14: =B14-E14 -> 2697248 | E14: 266603 | F14: =E14/'Demographics & rates'!E14 -> 8.193589 | G14: -1134.9499 | H14: =D14/'Demographics & rates'!E14 -> 82.895322
A15: Gisborne District Council | B15: 3074810 | C15: =B15/'Demographics & rates'!E15 -> 159.2011 | D15: =B15-E15 -> 2867288 | E15: 207522 | F15: =E15/'Demographics & rates'!E15 -> 10.744641 | G15: 883.40064 | H15: =D15/'Demographics & rates'!E15 -> 148.45646
A16: Gore District Council | B16: 552716 | C16: =B16/'Demographics & rates'!E16 -> 95.609064 | D16: =B16-E16 -> 493028 | E16: 59688 | F16: =E16/'Demographics & rates'!E16 -> 10.324857 | G16: -630.85971 | H16: =D16/'Demographics & rates'!E16 -> 85.284207
A17: Greater Wellington Regional Council | B17: 3252594 | C17: =B17/'Demographics & rates'!E17 -> 15.127852 | D17: =B17-E17 -> 1931588 | E17: 1321006 | F17: =E17/'Demographics & rates'!E17 -> 6.1440139 | G17: -1303.5901 | H17: =D17/'Demographics & rates'!E17 -> 8.9838377
... A19: Hamilton City Council | B19: 6873326 | C19: =B19/'Demographics & rates'!E19 -> 105.09191 | D19: =B19-E19 -> 5667668 | E19: 1205658 | F19: =E19/'Demographics & rates'!E19 -> 18.434292 | G19: -2503.4937 | H19: =D19/'Demographics & rates'!E19 -> 86.657615
A20: Hastings District Council | B20: 3413455 | C20: =B20/'Demographics & rates'!E20 -> 104.32957 | D20: 2936954 | E20: 476501 | F20: =E20/'Demographics & rates'!E20 -> 14.563879 | G20: -3725.136 | H20: =D20/'Demographics & rates'!E20 -> 89.765695
A21: Hauraki District Council | B21: 876535 | C21: =B21/'Demographics & rates'!E21 -> 89.515421 | D21: =B21-E21 -> 759896 | E21: 116639 | F21: =E21/'Demographics & rates'!E21 -> 11.911663 | G21: -4086.8056 | H21: =D21/'Demographics & rates'!E21 -> 77.603758
A22: Hawke's Bay Regional Council | B22: 1421524 | C22: =B22/'Demographics & rates'!E22 -> 20.125779 | D22: =B22-E22 -> 1038013 | E22: 383511 | F22: =E22/'Demographics & rates'!E22 -> 5.4297061 | G22: 192.13671 | H22: =D22/'Demographics & rates'!E22 -> 14.696073
A23: Horizons Regional Council | B23: 1446615 | C23: =B23/'Demographics & rates'!E23 -> 13.40911 | D23: =B23-E23 -> 1347821 | E23: 98794 | F23: =E23/'Demographics & rates'!E23 -> 0.91575132 | G23: -112.45516 | H23: =D23/'Demographics & rates'!E23 -> 12.493359
A24: Horowhenua District Council | B24: 1033075 | C24: =B24/'Demographics & rates'!E24 -> 60.381963 | D24: =B24-E24 -> 801315 | E24: 231760 | F24: =E24/'Demographics & rates'!E24 -> 13.546087 | G24: -2058.2734 | H24: =D24/'Demographics & rates'!E24 -> 46.835876
A25: Hurunui District Council | B25: 769080 | C25: =B25/'Demographics & rates'!E25 -> 104.59404 | D25: =B25-E25 -> 688152 | E25: 80928 | F25: =E25/'Demographics & rates'!E25 -> 11.00612 | G25: -2587.3793 | H25: =D25/'Demographics & rates'!E25 -> 93.587923
A26: Hutt City Council | B26: 3674077 | C26: =B26/'Demographics & rates'!E26 -> 86.759162 | D26: =B26-E26 -> 3097135 | E26: 576942 | F26: =E26/'Demographics & rates'!E26 -> 13.623831 | G26: -3248.654 | H26: =D26/'Demographics & rates'!E26 -> 73.135331
A27: Invercargill City Council | B27: 1606046 | C27: =B27/'Demographics & rates'!E27 -> 67.136778 | D27: =B27-E27 -> 1293961 | E27: 312085 | F27: =E27/'Demographics & rates'!E27 -> 13.045941 | G27: -1609.3136 | H27: =D27/'Demographics & rates'!E27 -> 54.090837
A28: Kaikōura District Council | B28: 318663 | C28: =B28/'Demographics & rates'!E28 -> 129.22263 | D28: =B28-E28 -> 301221 | E28: 17442 | F28: =E28/'Demographics & rates'!E28 -> 7.0729927 | G28: -2360.5028 | H28: =D28/'Demographics & rates'!E28 -> 122.14964
A29: Kaipara District Council | B29: 1113428 | C29: =B29/'Demographics & rates'!E29 -> 83.290545 | D29: =B29-E29 -> 1035236 | E29: 78192 | F29: =E29/'Demographics & rates'!E29 -> 5.8491921 | G29: -898.0401 | H29: =D29/'Demographics & rates'!E29 -> 77.441352
A30: Kapiti Coast District Council | B30: 2416162 | C30: =B30/'Demographics & rates'!E30 -> 92.191774 | D30: =B30-E30 -> 2050277 | E30: 365885 | F30: =E30/'Demographics & rates'!E30 -> 13.960813 | G30: -2120.6883 | H30: =D30/'Demographics & rates'!E30 -> 78.23096
A31: Kawerau District Council | B31: 119505844 | C31: =B31/'Demographics & rates'!E31 -> 42332.924 | D31: =B31-E31 -> 102362223 | E31: 17143621 | F31: =E31/'Demographics & rates'!E31 -> 6072.8378 | G31: -1210048.2 | H31: =D31/'Demographics & rates'!E31 -> 36260.086
A32: Mackenzie District Council | B32: 425456 | C32: =B32/'Demographics & rates'!E32 -> 102.9163 | D32: =B32-E32 -> 397538 | E32: 27918 | F32: =E32/'Demographics & rates'!E32 -> 6.7532656 | G32: -2261.0063 | H32: =D32/'Demographics & rates'!E32 -> 96.163038
... A34: Marlborough District Council | B34: 2671181 | C34: =B34/'Demographics & rates'!E34 -> 109.81668 | D34: =B34-E34 -> 2398681 | E34: 272500 | F34: =E34/'Demographics & rates'!E34 -> 11.202927 | G34: -2246.0533 | H34: =D34/'Demographics & rates'!E34 -> 98.613756
A35: Masterton District Council | B35: 1175576 | C35: =B35/'Demographics & rates'!E35 -> 94.401028 | D35: 1097910.8 | E35: 77665 | F35: =E35/'Demographics & rates'!E35 -> 6.2366498 | G35: -876.73653 | H35: =D35/'Demographics & rates'!E35 -> 88.164358
A36: Matamata-Piako District Council | B36: 1041981 | C36: =B36/'Demographics & rates'!E36 -> 68.72319 | D36: =B36-E36 -> 958204 | E36: 83777 | F36: =E36/'Demographics & rates'!E36 -> 5.5254584 | G36: -748.77984 | H36: =D36/'Demographics & rates'!E36 -> 63.197731
A37: Napier City Council | B37: 2486523 | C37: =B37/'Demographics & rates'!E37 -> 92.992371 | D37: =B37-E37 -> 2432629 | E37: 53894 | F37: =E37/'Demographics & rates'!E37 -> 2.0155578 | G37: -619.43229 | H37: =D37/'Demographics & rates'!E37 -> 90.976813
A38: Nelson City Council | B38: 2733009 | C38: =B38/'Demographics & rates'!E38 -> 120.79064 | D38: =B38-E38 -> 2422229 | E38: 310780 | F38: =E38/'Demographics & rates'!E38 -> 13.735526 | G38: -3209.6261 | H38: =D38/'Demographics & rates'!E38 -> 107.05511
A39: New Plymouth District Council | B39: 4045258000 | C39: =B39/'Demographics & rates'!E39 -> 134572.79 | D39: 3635060000 | E39: 410198000 | F39: =E39/'Demographics & rates'!E39 -> 13645.975 | G39: -2556.6866 | H39: =D39/'Demographics & rates'!E39 -> 120926.81
A40: Northland Regional Council | B40: 460633 | C40: =B40/'Demographics & rates'!E40 -> 5.2791588 | D40: =B40-E40 -> 382179 | E40: 78454 | F40: =E40/'Demographics & rates'!E40 -> 0.89913472 | G40: -105.49539 | H40: =D40/'Demographics & rates'!E40 -> 4.3800241
A41: Ōpōtiki District Council | B41: 369719 | C41: =B41/'Demographics & rates'!E41 -> 78.446637 | D41: =B41-E41 -> 350767 | E41: 18952 | F41: =E41/'Demographics & rates'!E41 -> 4.0212179 | G41: -367.91852 | H41: =D41/'Demographics & rates'!E41 -> 74.425419
A42: Otago Regional Council | B42: 1090490 | C42: =B42/'Demographics & rates'!E43 -> 246.94067 | D42: =B42-E42 -> 845406 | E42: 245084 | F42: =E42/'Demographics & rates'!E43 -> 55.499094 | G42: -68.16408 | H42: =D42/'Demographics & rates'!E43 -> 191.44158
A43: Ōtorohanga District Council | B43: 427986 | C43: =B43/'Demographics & rates'!E42 -> 3.884073 | D43: =B43-E43 -> 411255 | E43: 16731 | F43: =E43/'Demographics & rates'!E42 -> 0.15183773 | G43: -723.05254 | H43: =D43/'Demographics & rates'!E42 -> 3.7322352
A44: Palmerston North City Council | B44: 2477742 | C44: =B44/'Demographics & rates'!E44 -> 72.902639 | D44: 2144755 | E44: 332987 | F44: =E44/'Demographics & rates'!E44 -> 9.7974814 | G44: -1756.7305 | H44: =D44/'Demographics & rates'!E44 -> 63.105158
A45: Porirua City Council | B45: 2344336 | C45: =B45/'Demographics & rates'!E45 -> 113.91331 | D45: =B45-E45 -> 2015488 | E45: 328848 | F45: =E45/'Demographics & rates'!E45 -> 15.979009 | G45: -4256.171 | H45: =D45/'Demographics & rates'!E45 -> 97.934305
A46: Queenstown-Lakes District Council | B46: 3743913 | C46: =B46/'Demographics & rates'!E46 -> 149.15394 | D46: =B46-E46 -> 2952702 | E46: 791211 | F46: =E46/'Demographics & rates'!E46 -> 31.521095 | G46: -5026.9312 | H46: =D46/'Demographics & rates'!E46 -> 117.63284
A47: Rangitīkei District Council | B47: 806154 | C47: =B47/'Demographics & rates'!E47 -> 115.82672 | D47: =B47-E47 -> 755541 | E47: 50613 | F47: =E47/'Demographics & rates'!E47 -> 7.2719828 | G47: -1786.2069 | H47: =D47/'Demographics & rates'!E47 -> 108.55474
A48: Rotorua Lakes Council | B48: 2273831 | C48: =B48/'Demographics & rates'!E48 -> 76.668386 | D48: =B48-E48 -> 1765561 | E48: 508270 | F48: =E48/'Demographics & rates'!E48 -> 17.137703 | G48: -3447.6027 | H48: =D48/'Demographics & rates'!E48 -> 59.530683
A49: Ruapehu District Council | B49: 602624 | C49: =B49/'Demographics & rates'!E49 -> 79.271771 | D49: =B49-E49 -> 536352 | E49: 66272 | F49: =E49/'Demographics & rates'!E49 -> 8.7177059 | G49: -233.88582 | H49: =D49/'Demographics & rates'!E49 -> 70.554065
A50: Selwyn District Council | B50: 3057394 | C50: =B50/'Demographics & rates'!E50 -> 101.65899 | D50: =B50-E50 -> 2813145 | E50: 244249 | F50: =E50/'Demographics & rates'!E50 -> 8.12133 | G50: -2734.8628 | H50: =D50/'Demographics & rates'!E50 -> 93.537656
A51: South Taranaki District Council | B51: 1470604 | C51: =B51/'Demographics & rates'!E51 -> 118.80788 | D51: =B51-E51 -> 1301565 | E51: 169039 | F51: =E51/'Demographics & rates'!E51 -> 13.656407 | G51: -2366.5374 | H51: =D51/'Demographics & rates'!E51 -> 105.15148
A52: South Waikato District Council | B52: 640662 | C52: =B52/'Demographics & rates'!E52 -> 64.634988 | D52: =B52-E52 -> 578784 | E52: 61878 | F52: =E52/'Demographics & rates'!E52 -> 6.2427361 | G52: -721.75141 | H52: =D52/'Demographics & rates'!E52 -> 58.392252
A53: South Wairarapa District Council | B53: 654281 | C53: =B53/'Demographics & rates'!E53 -> 104.55113 | D53: =B53-E53 -> 620995 | E53: 33286 | F53: =E53/'Demographics & rates'!E53 -> 5.3189517 | G53: 547.93864 | H53: =D53/'Demographics & rates'!E53 -> 99.232183
A54: Southland District Council | B54: 2310320 | C54: =B54/'Demographics & rates'!E54 -> 141.35585 | D54: =B54-E54 -> 2246620 | E54: 63700 | F54: =E54/'Demographics & rates'!E54 -> 3.8974547 | G54: -1006.5467 | H54: =D54/'Demographics & rates'!E54 -> 137.45839
A55: Stratford District Council | B55: 537915 | C55: =B55/'Demographics & rates'!E55 -> 125.03835 | D55: =B55-E55 -> 496984 | E55: 40931 | F55: =E55/'Demographics & rates'!E55 -> 9.5144119 | G55: -616.68991 | H55: =D55/'Demographics & rates'!E55 -> 115.52394
A56: Taranaki Regional Council | B56: 388690223 | C56: =B56/'Demographics & rates'!E56 -> 7382.5304 | D56: 288078635 | E56: 100611588 | F56: =E56/'Demographics & rates'!E56 -> 1910.9513 | G56: -340182.66 | H56: =D56/'Demographics & rates'!E56 -> 5471.579
A57: Tararua District Council | B57: 1219461 | C57: =B57/'Demographics & rates'!E57 -> 148.89634 | D57: =B57-E57 -> 1129682 | E57: 89779 | F57: =E57/'Demographics & rates'!E57 -> 10.962027 | G57: -1805.2503 | H57: =D57/'Demographics & rates'!E57 -> 137.93431
A58: Tasman District Council | B58: 2727242 | C58: =B58/'Demographics & rates'!E59 -> 123.71811 | D58: =B58-E58 -> 2318421 | E58: 408821 | F58: =E58/'Demographics & rates'!E59 -> 18.545681 | G58: -3197.2044 | H58: =D58/'Demographics & rates'!E59 -> 105.17243
A59: Taupo District Council | B59: 2170638 | C59: =B59/'Demographics & rates'!E58 -> 84.280256 | D59: =B59-E59 -> 1935342 | E59: 235296 | F59: =E59/'Demographics & rates'!E58 -> 9.1359348 | G59: -1135.1388 | H59: =D59/'Demographics & rates'!E58 -> 75.144321
A60: Tauranga City Council | B60: 7873465 | C60: =B60/'Demographics & rates'!E60 -> 127.84297 | D60: =B60-E60 -> 6519301 | E60: 1354164 | F60: =E60/'Demographics & rates'!E60 -> 21.987822 | G60: -4156.8188 | H60: =D60/'Demographics & rates'!E60 -> 105.85515
A61: Thames-Coromandel District Council | B61: 2251411 | C61: =B61/'Demographics & rates'!E61 -> 78.095355 | D61: =B61-E61 -> 2137049 | E61: 114362 | F61: =E61/'Demographics & rates'!E61 -> 3.9669083 | G61: -501.33546 | H61: =D61/'Demographics & rates'!E61 -> 74.128447
A62: Timaru District Council | B62: 2168417 | C62: =B62/'Demographics & rates'!E62 -> 101.19077 | D62: =B62-E62 -> 1900834 | E62: 267583 | F62: =E62/'Demographics & rates'!E62 -> 12.486957 | G62: -915.76835 | H62: =D62/'Demographics & rates'!E62 -> 88.703813
A63: Upper Hutt City Council | B63: 1635496 | C63: =B63/'Demographics & rates'!E63 -> 91.624426 | D63: =B63-E63 -> 1438162 | E63: 197334 | F63: =E63/'Demographics & rates'!E63 -> 11.055126 | G63: -3697.9272 | H63: =D63/'Demographics & rates'!E63 -> 80.5693
A64: Waikato District Council | B64: 2776770 | C64: =B64/'Demographics & rates'!E64 -> 87.130754 | D64: =B64-E64 -> 2510910 | E64: 265860 | F64: =E64/'Demographics & rates'!E64 -> 8.3422762 | G64: -3194.7347 | H64: =D64/'Demographics & rates'!E64 -> 78.788478
A65: Waikato Regional Council | B65: 1170786 | C65: =B65/'Demographics & rates'!E65 -> 5.4553867 | D65: =B65-E65 -> 1100771 | E65: 70015 | F65: =E65/'Demographics & rates'!E65 -> 0.32624143 | G65: 11.523174 | H65: =D65/'Demographics & rates'!E65 -> 5.1291453
A66: Waimakariri District Council | B66: 2855611 | C66: =B66/'Demographics & rates'!E66 -> 104.31456 | D66: =B66-E66 -> 2626211 | E66: 229400 | F66: =E66/'Demographics & rates'!E66 -> 8.3799087 | G66: -804.85845 | H66: =D66/'Demographics & rates'!E66 -> 95.934648
A67: Waimate District Council | B67: 540660 | C67: =B67/'Demographics & rates'!E67 -> 136.63381 | D67: =B67-E67 -> 530708 | E67: 9952 | F67: =E67/'Demographics & rates'!E67 -> 2.5150366 | G67: -254.99115 | H67: =D67/'Demographics & rates'!E67 -> 134.11878
A68: Waipā District Council | B68: 2684671 | C68: =B68/'Demographics & rates'!E68 -> 114.83258 | D68: =B68-E68 -> 2332796 | E68: 351875 | F68: =E68/'Demographics & rates'!E68 -> 15.0509 | G68: -4472.0903 | H68: =D68/'Demographics & rates'!E68 -> 99.781684
A69: Wairoa District Council | B69: 546457 | C69: =B69/'Demographics & rates'!E69 -> 128.27629 | D69: =B69-E69 -> 508029 | E69: 38428 | F69: =E69/'Demographics & rates'!E69 -> 9.0206573 | G69: 552.34742 | H69: =D69/'Demographics & rates'!E69 -> 119.25563
A70: Waitaki District Council | B70: 1411093 | C70: =B70/'Demographics & rates'!E70 -> 117.09344 | D70: =B70-E70 -> 1284674 | E70: 126419 | F70: =E70/'Demographics & rates'!E70 -> 10.490333 | G70: -3018.0898 | H70: =D70/'Demographics & rates'!E70 -> 106.6031
A71: Waitomo District Council | B71: 721766 | C71: =B71/'Demographics & rates'!E71 -> 163.77717 | D71: =B71-E71 -> 669206 | E71: 52560 | F71: =E71/'Demographics & rates'!E71 -> 11.926481 | G71: -1420.9213 | H71: =D71/'Demographics & rates'!E71 -> 151.85069
... A77: Whanganui District Council | B77: 1617470 | C77: =B77/'Demographics & rates'!E77 -> 78.73199 | D77: =B77-E77 -> 1386727 | E77: 230743 | F77: =E77/'Demographics & rates'!E77 -> 11.231649 | G77: -3293.4677 | H77: =D77/'Demographics & rates'!E77 -> 67.500341
A78: Whangarei District Council | B78: 2838174 | C78: =B78/'Demographics & rates'!E78 -> 68.68932 | D78: 2515833 | E78: 322341 | F78: =E78/'Demographics & rates'!E78 -> 7.8012779 | G78: -1101.6966 | H78: =D78/'Demographics & rates'!E78 -> 60.888042

Sheet Assets & debt (council)
A1: Council name | B1: Total assets | C1: Assets per household | D1: Total equity | E1: Total liabilities | F1: Liabilities per household | G1: 12-month change in debt per household | H1: Total equity per household
A2: Ashburton District Council | B2: 1125000 | C2: 73.313783 | D2: 978444000 | E2: 146120000 | F2: =E2/'Demographics & rates'!E2 -> 9522.32 | G2: 40186 | H2: 63763.05
A3: Auckland Council | B3: 50282000000 | C3: 82460.059 | D3: 34407000000 | E3: 15875000000 | F3: =E3/'Demographics & rates'!E3 -> 26034.236 | G3: 1324000 | H3: 56425.823
A4: Bay of Plenty Regional Council | B4: 920801000 | C4: 6758.867 | D4: 614730000 | E4: 306072000 | F4: =E4/'Demographics & rates'!E4 -> 2246.6308 | G4: 55253 | H4: 4512.2435
A5: Buller District Council | B5: Unavailable | C5: Unavailable | D5: Unavailable | E5: Unavailable | F5: Unavailable | G5: Unavailable | H5: Unavailable
A6: Carterton District Council | B6: 299869000 | C6: 64822.525 | D6: 299869000 | E6: 29880000 | F6: =E6/'Demographics & rates'!E6 -> 6459.144 | G6: 7249 | H6: 64822.525
A7: Central Hawke's Bay District Council | B7: 1102639000 | C7: 160570.7 | D7: 1037437000 | E7: 65202000 | F7: =E7/'Demographics & rates'!E7 -> 9494.976 | G7: 5077 | H7: 151075.72
A8: Central Otago District Council | B8: 1200485000 | C8: 96494.253 | D8: 1154748000 | E8: 45737000 | F8: =E8/'Demographics & rates'!E8 -> 3676.3122 | G8: 9543 | H8: 92817.941
A9: Christchurch City Council | B9: 20836748000 | C9: 125500.65 | D9: 18051867000 | E9: 2784881000 | F9: =E9/'Demographics & rates'!E9 -> 16773.461 | G9: 309924 | H9: 108726.83
A10: Clutha District Council | B10: 1941673000 | C10: 219621.42 | D10: 1803198000 | E10: 138475000 | F10: =E10/'Demographics & rates'!E10 -> 15662.821 | G10: 50782 | H10: 203958.6
A11: Dunedin City Council | B11: 5025332000 | C11: 92721.724 | D11: 4348770000 | E11: 676562000 | F11: =E11/'Demographics & rates'!E11 -> 12483.154 | G11: 135048 | H11: 80238.57
A12: Environment Canterbury | B12: 1512075000 | C12: 5402.4288 | D12: 1380537000 | E12: 131538000 | F12: =E12/'Demographics & rates'!E12 -> 469.96656 | G12: 20169 | H12: 4932.4623
A13: Environment Southland | B13: 114231000 | C13: 2480.2632 | D13: 100622000 | E13: 13609000 | F13: =E13/'Demographics & rates'!E13 -> 295.4881 | G13: 1943 | H13: 2184.7751
A14: Far North District Council | B14: 2772994000 | C14: 85223.247 | D14: 2602410000 | E14: 170582000 | F14: =E14/'Demographics & rates'!E14 -> 5242.5472 | G14: 28159 | H14: 79980.638
A15: Gisborne District Council | B15: 3168735000 | C15: 164064.15 | D15: 2715183000 | E15: 100027000 | F15: =E15/'Demographics & rates'!E15 -> 5178.9893 | G15: -106853 | H15: 140581.08
A16: Gore District Council | B16: 552716000 | C16: 95609.064 | D16: 354609000 | E16: 59688000 | F16: =E16/'Demographics & rates'!E16 -> 10324.857 | G16: 3647 | H16: 61340.426
A17: Greater Wellington Regional Council | B17: 2569163000 | C17: 11949.206 | D17: 1403872000 | E17: 1165291000 | F17: =E17/'Demographics & rates'!E17 -> 5419.7817 | G17: 263139 | H17: 6529.4246
... A38: Nelson City Council | B38: 2540685000 | C38: 112290.51 | D38: 2234538000 | E38: 306147000 | F38: =E38/'Demographics & rates'!E38 -> 13530.761 | G38: 74850 | H38: 98759.745
A39: New Plymouth District Council | B39: 4022419000 | C39: 133813.01 | D39: =B39-E39 -> 3624796000 | E39: 397623000 | F39: =E39/'Demographics & rates'!E39 -> 13227.645 | G39: 71255 | H39: 120585.36
A40: Northland Regional Council | B40: 273376000 | C40: 3133.0697 | D40: 232147000 | E40: 41229000 | F40: =E40/'Demographics & rates'!E40 -> 472.5116 | G40: 7273 | H40: 2660.5581
A41: Ōpōtiki District Council | B41: 369719000 | C41: 78446.637 | D41: 350767000 | E41: 18952000 | F41: =E41/'Demographics & rates'!E41 -> 4021.2179 | G41: 1734 | H41: 74425.419
A42: Otago Regional Council | B42: 1023253000 | C42: 9286.2601 | D42: 860793000 | E42: 162460000 | F42: =E42/'Demographics & rates'!E41 -> 34470.613 | G42: -13166 | H42: 7811.8976
A43: Ōtorohanga District Council | B43: 427986000 | C43: 96917.12 | D43: 411255000 | E43: 16731000 | F43: =E43/'Demographics & rates'!E43 -> 3788.7228 | G43: 3373 | H43: 93128.397
A44: Palmerston North City Council | B44: 2365474000 | C44: 69599.376 | D44: 2048584000 | E44: 316890000 | F44: =E44/'Demographics & rates'!E44 -> 9323.8591 | G44: 61513 | H44: 60275.517
A45: Porirua City Council | B45: 2344336000 | C45: 113913.31 | D45: 2015488000 | E45: 328848000 | F45: =E45/'Demographics & rates'!E45 -> 15979.009 | G45: 87592 | H45: 97934.305
A46: Queenstown-Lakes District Council | B46: 3222826000 | C46: 128394.33 | D46: 2511611000 | E46: 711215000 | F46: =E46/'Demographics & rates'!E46 -> 28334.13 | G46: 124240 | H46: 100060.2
A47: Rangitīkei District Council | B47: 806154000 | C47: 115826.72 | D47: 755541000 | E47: 50613000 | F47: =E47/'Demographics & rates'!E47 -> 7271.9828 | G47: 12432 | H47: 108554.74
A48: Rotorua Lakes Council | B48: 2256863000 | C48: 76096.264 | D48: 1757574000 | E48: 499289000 | F48: =E48/'Demographics & rates'!E48 -> 16834.884 | G48: 100363 | H48: 59261.38
A49: Ruapehu District Council | B49: 602412000 | C49: 79243.883 | D49: 536221000 | E49: 66191000 | F49: =E49/'Demographics & rates'!E49 -> 8707.0508 | G49: 1851 | H49: 70536.832
A50: Selwyn District Council | B50: 3061728000 | C50: 101803.09 | D50: 2824632000 | E50: 237098000 | F50: =E50/'Demographics & rates'!E50 -> 7883.5578 | G50: 82310 | H50: 93919.601
A51: South Taranaki District Council | B51: 1470604000 | C51: 118807.88 | D51: 1301565000 | E51: 169039000 | F51: =E51/'Demographics & rates'!E51 -> 13656.407 | G51: 29293 | H51: 105151.48
A52: South Waikato District Council | B52: 640662000 | C52: 64634.988 | D52: 584765000 | E52: 55897000 | F52: =E52/'Demographics & rates'!E52 -> 5639.3261 | G52: 1173 | H52: 58995.662
A53: South Wairarapa District Council | B53: 654281000 | C53: 104551.13 | D53: 620994000 | E53: 33287000 | F53: =E53/'Demographics & rates'!E53 -> 5319.1115 | G53: -3428 | H53: 99232.023
A54: Southland District Council | B54: 2309841000 | C54: 141326.54 | D54: 2246155000 | E54: 63687000 | F54: =E54/'Demographics & rates'!E54 -> 3896.6593 | G54: 16447 | H54: 137429.94
... A78: Whangarei District Council | B78: 2805602000 | C78: 67901.014 | D78: 2485774000 | E78: 319828000 | F78: =E78/'Demographics & rates'!E78 -> 7740.4584 | G78: 45492 | H78: 60160.556

Sheet Staff costs (group)
A1: Council name | B1: Total staff employed (FTE) | C1: Employees per household (FTE) | D1: Total personnel costs | E1: Total personnel costs per household | F1: Number of staff paid > $100k | G1: Comms & marketing staff (FTE) | H1: Average comms & marketing staff salary
A2: Ashburton District Council | B2: 370 | C2: =B2/'Demographics & rates'!E2 -> 0.024112089 | D2: 20901000 | E2: =D2/'Demographics & rates'!E2 -> 1362.0723 | F2: 73 | G2: 5 | H2: 93200
A3: Auckland Council | B3: 11360 | C3: =B3/'Demographics & rates'!E3 -> 0.018629853 | D3: 662000000 | E3: =D3/'Demographics & rates'!E3 -> 1085.6481 | F3: =5314+384 -> 5698 | G3: 94.6 | H3: 124049.07
A4: Bay of Plenty Regional Council | B4: 496 | C4: =B4/'Demographics & rates'!E4 -> 0.0036407411 | D4: 61064000 | E4: =D4/'Demographics & rates'!E4 -> 448.2222 | F4: 175 | G4: 14.2 | H4: 111508.98
A5: Buller District Council | B5: Unavailable | C5: Unavailable | D5: Unavailable | E5: Unavailable | F5: 31 | G5: 2.6 | H5: 61261
A6: Carterton District Council | B6: 72 | C6: =B6/'Demographics & rates'!E6 -> 0.015564202 | D6: 6803000 | E6: =D6/'Demographics & rates'!E6 -> 1470.601 | F6: 15 | G6: 2.5 | H6: 61653
A7: Central Hawke's Bay District Council | B7: 87 | C7: =B7/'Demographics & rates'!E7 -> 0.012669288 | D7: 9491000 | E7: =D7/'Demographics & rates'!E7 -> 1382.1174 | F7: 39 | G7: 2.6 | H7: Witheld
A8: Central Otago District Council | B8: 172 | C8: =B8/'Demographics & rates'!E8 -> 0.013825255 | D8: 2160000 | E8: =D8/'Demographics & rates'!E8 -> 173.61948 | F8: 27 | G8: 7.75 | H8: 80101
A9: Christchurch City Council | B9: 5782 | C9: =B9/'Demographics & rates'!E9 -> 0.034825241 | D9: 211729000 | E9: =D9/'Demographics & rates'!E9 -> 1275.2531 | F9: 2250 | G9: 21.35 | H9: 102755
A10: Clutha District Council | B10: 159 | C10: =B10/'Demographics & rates'!E10 -> 0.017984391 | D10: 13209000 | E10: =D10/'Demographics & rates'!E10 -> 1494.0618 | F10: 34 | G10: 2.53 | H10: 86550
A11: Dunedin City Council | B11: 1747 | C11: =B11/'Demographics & rates'!E11 -> 0.032233662 | D11: 83091000 | E11: =D11/'Demographics & rates'!E11 -> 1533.1009 | F11: =629+37 -> 666 | G11: 36 | H11: 85890.5
A12: Environment Canterbury | B12: 822 | C12: =B12/'Demographics & rates'!E12 -> 0.002936889 | D12: 78175000 | E12: =D12/'Demographics & rates'!E12 -> 279.30815 | F12: 328 | G12: 38 | H12: 112549
A13: Environment Southland | B13: 246 | C13: =B13/'Demographics & rates'!E13 -> 0.0053413236 | D13: 21459000 | E13: =D13/'Demographics & rates'!E13 -> 465.93278 | F13: 88 | G13: 3 | H13: 77251
A14: Far North District Council | B14: 447.3 | C14: =B14/'Demographics & rates'!E14 -> 0.013747004 | D14: 34109000 | E14: =D14/'Demographics & rates'!E14 -> 1048.282 | F14: 117 | G14: 7 | H14: 88916.74
A15: Gisborne District Council | B15: 472.8 | C15: =B15/'Demographics & rates'!E15 -> 0.024479652 | D15: 33428000 | E15: =D15/'Demographics & rates'!E15 -> 1730.7652 | F15: 160 | G15: 13 | H15: 100885
A16: Gore District Council | B16: 104 | C16: =B16/'Demographics & rates'!E16 -> 0.017989967 | D16: 9625000 | E16: =D16/'Demographics & rates'!E16 -> 1664.9369 | F16: 14 | G16: 3 | H16: Witheld
A17: Greater Wellington Regional Council | B17: 762 | C17: 0.0035 | D17: 87151000 | E17: =D17/'Demographics & rates'!E17 -> 405.34029 | F17: 424.24 | G17: 33.5 | H17: 105809
A18: Grey District Council | B18: 89 | C18: =B18/'Demographics & rates'!E18 -> 0.012921022 | D18: 8012000 | E18: =D18/'Demographics & rates'!E18 -> 1163.1823 | F18: 23 | G18: 3 | H18: 98841.6
A19: Hamilton City Council | B19: 1273 | C19: =B19/'Demographics & rates'!E19 -> 0.019463939 | D19: 122704000 | E19: =D19/'Demographics & rates'!E19 -> 1876.1219 | F19: 348 | G19: 38 | H19: 104560
A20: Hastings District Council | B20: 478 | C20: =B20/'Demographics & rates'!E20 -> 0.014609695 | D20: 48115000 | E20: =D20/'Demographics & rates'!E20 -> 1470.5972 | F20: 149 | G20: 12.6 | H20: 93926
A21: Hauraki District Council | B21: 223 | C21: =B21/'Demographics & rates'!E21 -> 0.022773693 | D21: 20681000 | E21: =D21/'Demographics & rates'!E21 -> 2112.0302 | F21: 66 | G21: 3 | H21: Declined
A22: Hawke's Bay Regional Council | B22: 333 | C22: =B22/'Demographics & rates'!E22 -> 0.004714577 | D22: 36115000 | E22: =D22/'Demographics & rates'!E22 -> 511.31215 | F22: 124 | G22: 11 | H22: 94245
A23: Horizons Regional Council | B23: 300 | C23: =B23/'Demographics & rates'!E23 -> 0.0027807903 | D23: 17276000 | E23: =D23/'Demographics & rates'!E23 -> 160.13644 | F23: 87 | G23: 6.4 | H23: 87229
A24: Horowhenua District Council | B24: 277 | C24: =B24/'Demographics & rates'!E24 -> 0.016190309 | D24: 21277000 | E24: =D24/'Demographics & rates'!E24 -> 1243.6145 | F24: 61 | G24: 9.98 | H24: 77248
A25: Hurunui District Council | B25: 222 | C25: =B25/'Demographics & rates'!E25 -> 0.030191758 | D25: 18635000 | E25: =D25/'Demographics & rates'!E25 -> 2534.3397 | F25: 33 | G25: 2 | H25: Declined
A26: Hutt City Council | B26: 550 | C26: =B26/'Demographics & rates'!E26 -> 0.012987626 | D26: 49499000 | E26: =D26/'Demographics & rates'!E26 -> 1168.8628 | F26: 172 | G26: 10.31 | H26: 101981.45
A27: Invercargill City Council | B27: 379 | C27: =B27/'Demographics & rates'!E27 -> 0.015843157 | D27: 34522000 | E27: =D27/'Demographics & rates'!E27 -> 1443.1068 | F27: =77.65+6 -> 83.65 | G27: 11 | H27: 86773
A28: Kaikōura District Council | B28: 53.6 | C28: =B28/'Demographics & rates'!E28 -> 0.021735604 | D28: 3836000 | E28: =D28/'Demographics & rates'!E28 -> 1555.5556 | F28: 12 | G28: 1 | H28: Declined
A29: Kaipara District Council | B29: 188.3 | C29: =B29/'Demographics & rates'!E29 -> 0.014085877 | D29: 15980000 | E29: =D29/'Demographics & rates'!E29 -> 1195.392 | F29: 41 | G29: 10.8 | H29: 81280
A30: Kapiti Coast District Council | B30: 414 | C30: =B30/'Demographics & rates'!E30 -> 0.015796703 | D30: 39442000 | E30: =D30/'Demographics & rates'!E30 -> 1504.9603 | F30: 143 | G30: 12 | H30: 112907
A31: Kawerau District Council | B31: 76 | C31: =B31/'Demographics & rates'!E31 -> 0.026921714 | D31: 6839000 | E31: =D31/'Demographics & rates'!E31 -> 2422.6001 | F31: 12 | G31: 2 | H31: 94248
A32: Mackenzie District Council | B32: 48 | C32: =B32/'Demographics & rates'!E32 -> 0.01161103 | D32: 6032000 | E32: =D32/'Demographics & rates'!E32 -> 1459.1195 | F32: 21 | G32: 2 | H32: Witheld
A33: Manawatū District Council | B33: 178.1 | C33: =B33/'Demographics & rates'!E33 -> 0.013313897 | D33: 15820000 | E33: =D33/'Demographics & rates'!E33 -> 1182.6269 | F33: 51 | G33: 3 | H33: Declined
A34: Marlborough District Council | B34: 324.7 | C34: =B34/'Demographics & rates'!E34 -> 0.013348956 | D34: 4550000 | E34: =D34/'Demographics & rates'!E34 -> 187.05805 | F34: 107 | G34: 1.6 | H34: Declined
A35: Masterton District Council | B35: 132 | C35: =B35/'Demographics & rates'!E35 -> 0.010599855 | D35: 47768000 | E35: =D35/'Demographics & rates'!E35 -> 3835.8628 | F35: 45 | G35: 1.6 | H35: Witheld
A36: Matamata-Piako District Council | B36: 330 | C36: =B36/'Demographics & rates'!E36 -> 0.021764939 | D36: 24668000 | E36: =D36/'Demographics & rates'!E36 -> 1626.9621 | F36: 64 | G36: 6.63 | H36: 77445
A37: Napier City Council | B37: 685 | C37: =B37/'Demographics & rates'!E37 -> 0.025618011 | D37: 59871000 | E37: =D37/'Demographics & rates'!E37 -> 2239.089 | F37: 148 | G37: 11 | H37: 107521
A38: Nelson City Council | B38: 884.86 | C38: =B38/'Demographics & rates'!E38 -> 0.039108106 | D38: 32616000 | E38: =D38/'Demographics & rates'!E38 -> 1441.5274 | F38: 138 | G38: 9.53 | H38: 97386
A39: New Plymouth District Council | B39: 611 | C39: =B39/'Demographics & rates'!E39 -> 0.020326015 | D39: 61580000 | E39: =D39/'Demographics & rates'!E39 -> 2048.5695 | F39: 217 | G39: 7.1 | H39: 75351.76
A40: Northland Regional Council | B40: 315 | C40: =B40/'Demographics & rates'!E40 -> 0.0036101083 | D40: 28068000 | E40: =D40/'Demographics & rates'!E40 -> 321.67784 | F40: 71 | G40: 11.6 | H40: 85617.85
A41: Ōpōtiki District Council | B41: 78 | C41: =B41/'Demographics & rates'!E41 -> 0.016549968 | D41: 6759000 | E41: =D41/'Demographics & rates'!E41 -> 1434.1184 | F41: 22 | G41: 2 | H41: 91597
A42: Otago Regional Council | B42: 343 | C42: =B42/'Demographics & rates'!E43 -> 0.077672101 | D42: 113570000 | E42: =D42/'Demographics & rates'!E43 -> 25717.844 | F42: 136 | G42: 14 | H42: 88644
A43: Ōtorohanga District Council | B43: 62 | C43: =B43/'Demographics & rates'!E42 -> 0.00056266449 | D43: 5825000 | E43: =D43/'Demographics & rates'!E42 -> 52.863236 | F43: 21 | G43: 1.5 | H43: Declined
A44: Palmerston North City Council | B44: 641 | C44: =B44/'Demographics & rates'!E44 -> 0.018860152 | D44: 56836000 | E44: =D44/'Demographics & rates'!E44 -> 1672.2865 | F44: 152 | G44: 18.38 | H44: 102630
A45: Porirua City Council | B45: =488+39 -> 527 | C45: =B45/'Demographics & rates'!E45 -> 0.025607386 | D45: 39155000 | E45: =D45/'Demographics & rates'!E45 -> 1902.5753 | F45: 117 | G45: 8 | H45: 98034.38
A46: Queenstown-Lakes District Council | B46: 488 | C46: =B46/'Demographics & rates'!E46 -> 0.019441457 | D46: 48487000 | E46: =D46/'Demographics & rates'!E46 -> 1931.676 | F46: 208 | G46: 11.4 | H46: 91653
A47: Rangitīkei District Council | B47: 99 | C47: =B47/'Demographics & rates'!E47 -> 0.014224138 | D47: 8830000 | E47: =D47/'Demographics & rates'!E47 -> 1268.6782 | F47: 32 | G47: 2.75 | H47: Witheld
A48: Rotorua Lakes Council | B48: 368 | C48: =B48/'Demographics & rates'!E48 -> 0.012408119 | D48: 34866000 | E48: =D48/'Demographics & rates'!E48 -> 1175.6019 | F48: 146 | G48: 17 | H48: 102246
A49: Ruapehu District Council | B49: 79 | C49: =B49/'Demographics & rates'!E49 -> 0.010392002 | D49: 6926000 | E49: =D49/'Demographics & rates'!E49 -> 911.07603 | F49: 19 | G49: 1 | H49: Witheld
A50: Selwyn District Council | B50: =427+348 -> 775 | C50: =B50/'Demographics & rates'!E50 -> 0.025768911 | D50: 42386000 | E50: =D50/'Demographics & rates'!E50 -> 1409.3433 | F50: 191 | G50: 16 | H50: 112079
A51: South Taranaki District Council | B51: 208 | C51: =B51/'Demographics & rates'!E51 -> 0.016804007 | D51: 18655000 | E51: =D51/'Demographics & rates'!E51 -> 1507.1094 | F51: 49 | G51: 3 | H51: 84130
A52: South Waikato District Council | B52: 154 | C52: =B52/'Demographics & rates'!E52 -> 0.015536723 | D52: 15161000 | E52: =D52/'Demographics & rates'!E52 -> 1529.5601 | F52: 35 | G52: 3 | H52: 81598
A53: South Wairarapa District Council | B53: 71.54 | C53: =B53/'Demographics & rates'!E53 -> 0.011431767 | D53: 6615000 | E53: =D53/'Demographics & rates'!E53 -> 1057.047 | F53: 15.8 | G53: 3 | H53: 84825
A54: Southland District Council | B54: 198 | C54: =B54/'Demographics & rates'!E54 -> 0.012114537 | D54: 18656000 | E54: =D54/'Demographics & rates'!E54 -> 1141.4586 | F54: Declined | G54: 4 | H54: 102828
A55: Stratford District Council | B55: 77 | C55: =B55/'Demographics & rates'!E55 -> 0.017898652 | D55: 6196000 | E55: =D55/'Demographics & rates'!E55 -> 1440.2603 | F55: Declined | G55: 1.5 | H55: Declined
A56: Taranaki Regional Council | B56: 208 | C56: =B56/'Demographics & rates'!E56 -> 0.0039506173 | D56: 39086000 | E56: =D56/'Demographics & rates'!E56 -> 742.37417 | F56: Declined | G56: 9.87 | H56: Declined
A57: Tararua District Council | B57: 126 | C57: =B57/'Demographics & rates'!E57 -> 0.015384615 | D57: 10875000 | E57: =D57/'Demographics & rates'!E57 -> 1327.8388 | F57: 33 | G57: 4.5 | H57: 83010
A58: Tasman District Council | B58: 524.6 | C58: =B58/'Demographics & rates'!E59 -> 0.023797859 | D58: 38130000 | E58: =D58/'Demographics & rates'!E59 -> 1729.7224 | F58: 150 | G58: 7 | H58: 92833.91
A59: Taupo District Council | B59: 391.5 | C59: =B59/'Demographics & rates'!E58 -> 0.015200932 | D59: 31081000 | E59: =D59/'Demographics & rates'!E58 -> 1206.7948 | F59: 103 | G59: 14.625 | H59: 94120
A60: Tauranga City Council | B60: 1148 | C60: =B60/'Demographics & rates'!E60 -> 0.018640297 | D60: 344941000 | E60: =D60/'Demographics & rates'!E60 -> 5600.8736 | F60: 514 | G60: 34.42 | H60: 110759
A61: Thames-Coromandel District Council | B61: 255 | C61: =B61/'Demographics & rates'!E61 -> 0.00884526 | D61: 24460000 | E61: =D61/'Demographics & rates'!E61 -> 848.45121 | F61: 82 | G61: 4.6 | H61: 84616.88
A62: Timaru District Council | B62: 303.29 | C62: =B62/'Demographics & rates'!E62 -> 0.01415325 | D62: 26189000 | E62: =D62/'Demographics & rates'!E62 -> 1222.1289 | F62: 75 | G62: 1.2 | H62: Witheld
A63: Upper Hutt City Council | B63: 185 | C63: =B63/'Demographics & rates'!E63 -> 0.010364146 | D63: 17914000 | E63: =D63/'Demographics & rates'!E63 -> 1003.5854 | F63: 48 | G63: 5.88 | H63: 86919.59
A64: Waikato District Council | B64: 431 | C64: =B64/'Demographics & rates'!E64 -> 0.013524114 | D64: 44997000 | E64: =D64/'Demographics & rates'!E64 -> 1411.9364 | F64: 213 | G64: 13 | H64: 109055
A65: Waikato Regional Council | B65: 619 | C65: =B65/'Demographics & rates'!E65 -> 0.0028842883 | D65: 61481000 | E65: =D65/'Demographics & rates'!E65 -> 286.47646 | F65: 328 | G65: 18.6 | H65: 97345
A66: Waimakariri District Council | B66: 406.2 | C66: =B66/'Demographics & rates'!E66 -> 0.014838356 | D66: 37184000 | E66: 1358.3196 | F66: 146 | G66: 6 | H66: 102670
A67: Waimate District Council | B67: 79 | C67: =B67/'Demographics & rates'!E67 -> 0.01996462 | D67: 5802000 | E67: =D67/'Demographics & rates'!E67 -> 1466.2623 | F67: 14 | G67: 3.9 | H67: 62758.6
A68: Waipā District Council | B68: 332 | C68: =B68/'Demographics & rates'!E68 -> 0.014200778 | D68: 32154000 | E68: =D68/'Demographics & rates'!E68 -> 1375.3368 | F68: =118+7 -> 125 | G68: 7.125 | H68: 88856
A69: Wairoa District Council | B69: 212 | C69: =B69/'Demographics & rates'!E69 -> 0.049765258 | D69: 6655000 | E69: =D69/'Demographics & rates'!E69 -> 1562.2066 | F69: 31 | H69: Declined
A70: Waitaki District Council | B70: 267 | C70: =B70/'Demographics & rates'!E70 -> 0.022155838 | D70: 18164000 | E70: =D70/'Demographics & rates'!E70 -> 1507.2608 | F70: Declined | G70: 4 | H70: Declined
A71: Waitomo District Council | B71: 216 | C71: =B71/'Demographics & rates'!E71 -> 0.049012934 | D71: 7248000 | E71: =D71/'Demographics & rates'!E71 -> 1644.6562 | F71: 31 | G71: 1.3 | H71: Declined
A72: Wellington City Council | B72: 2267.39 | C72: =B72/'Demographics & rates'!E72 -> 0.026776613 | D72: 156455000 | E72: =D72/'Demographics & rates'!E72 -> 1847.6464 | F72: =772+65 -> 837 | G72: 20.8 | H72: 113597
A73: West Coast Regional Council | B73: 91 | C73: =B73/'Demographics & rates'!E73 -> 0.0050648411 | D73: 7400000 | E73: =D73/'Demographics & rates'!E73 -> 411.8662 | F73: 30 | G73: 2 | H73: 78609
A74: Western Bay of Plenty District Council | B74: 309 | C74: =B74/'Demographics & rates'!E74 -> 0.012931576 | D74: 31218000 | E74: =D74/'Demographics & rates'!E74 -> 1306.4658 | F74: 129.93 | G74: 5.6 | H74: 94772
A75: Westland District Council | B75: 70 | C75: =B75/'Demographics & rates'!E75 -> 0.013980427 | D75: 6704000 | E75: =D75/'Demographics & rates'!E75 -> 1338.9255 | F75: 23 | G75: 1 | H75: Declined
A76: Whakatane District Council | B76: 283 | C76: =B76/'Demographics & rates'!E76 -> 0.018889334 | D76: 26885000 | E76: =D76/'Demographics & rates'!E76 -> 1794.4867 | F76: 83 | G76: 9.63 | H76: 99987.05
A77: Whanganui District Council | B77: 292 | C77: =B77/'Demographics & rates'!E77 -> 0.014213396 | D77: 30058000 | E77: =D77/'Demographics & rates'!E77 -> 1463.1036 | F77: 79 | G77: 6.9 | H77: 91592
A78: Whangarei District Council | B78: 407 | C78: =B78/'Demographics & rates'!E78 -> 0.00985019 | D78: 35764000 | E78: =D78/'Demographics & rates'!E78 -> 865.55822 | F78: 94 | G78: 12.8 | H78: 84307

Sheet Staff costs (council)
A1: Council name | B1: Total staff employed (FTE) | C1: Employees per household (FTE) | D1: Total personnel costs | E1: Total personnel costs per household | F1: Number of staff paid > $100k | G1: Comms & marketing staff (FTE) | H1: Average comms & marketing staff salary
A2: Ashburton District Council | B2: 225 | C2: =B2/'Demographics & rates'!E2 -> 0.014662757 | D2: =E2*'Demographics & rates'!E2 -> 20901000 | E2: 1362.0723 | F2: 73 | G2: 5 | H2: 93200
A3: Auckland Council | B3: 6417.6 | C3: =B3/'Demographics & rates'!E3 -> 0.010524555 | D3: =E3*'Demographics & rates'!E3 -> 6.62e+08 | E3: 1085.6481 | F3: 5314 | G3: 73.6 | H3: 122053
A4: Bay of Plenty Regional Council | B4: 496 | C4: =B4/'Demographics & rates'!E4 -> 0.0036407411 | D4: =E4*'Demographics & rates'!E4 -> 61064000 | E4: 448.2222 | F4: 175 | G4: 14.2 | H4: 111508.98
A5: Buller District Council | B5: Unavailable | C5: Unavailable | D5: Unavailable | E5: Unavailable | F5: 31 | G5: 2.6 | H5: 61261
A6: Carterton District Council | B6: 72 | C6: =B6/'Demographics & rates'!E6 -> 0.015564202 | D6: =E6*'Demographics & rates'!E6 -> 6983000 | E6: 1509.5115 | F6: 15 | G6: 2.5 | H6: 61653
A7: Central Hawke's Bay District Council | B7: 87 | C7: =B7/'Demographics & rates'!E7 -> 0.012669288 | D7: =E7*'Demographics & rates'!E7 -> 9491000 | E7: 1382.1174 | F7: 34 | G7: 2.6 | H7: Witheld
A8: Central Otago District Council | B8: 172 | C8: =B8/'Demographics & rates'!E8 -> 0.013825255 | D8: =E8*'Demographics & rates'!E8 -> 15154000 | E8: 1218.0693 | F8: 27 | G8: 7.75 | H8: 80101
A9: Christchurch City Council | B9: 2323 | C9: =B9/'Demographics & rates'!E9 -> 0.013991532 | D9: =E9*'Demographics & rates'!E9 -> 210784000 | E9: 1269.5613 | F9: 808 | G9: 21.35 | H9: 102755
A10: Clutha District Council | B10: 159 | C10: =B10/'Demographics & rates'!E10 -> 0.017984391 | D10: =E10*'Demographics & rates'!E10 -> 13209000 | E10: 1494.0618 | F10: 34 | G10: 2.53 | H10: 86550
A11: Dunedin City Council | B11: 861 | C11: =B11/'Demographics & rates'!E11 -> 0.015886195 | D11: =E11*'Demographics & rates'!E11 -> 83091000 | E11: 1533.1009 | F11: =629+37 -> 666 | G11: 36 | H11: 85890.5
A12: Environment Canterbury | B12: 822 | C12: =B12/'Demographics & rates'!E12 -> 0.002936889 | D12: =E12*'Demographics & rates'!E12 -> 78175000 | E12: 279.30815 | F12: 328 | G12: 38 | H12: 112549
A13: Environment Southland | B13: 190 | C13: =B13/'Demographics & rates'!E13 -> 0.0041254125 | D13: =E13*'Demographics & rates'!E13 -> 21459000 | E13: 465.93278 | F13: 85 | G13: 3 | H13: 77251
A14: Far North District Council | B14: 366 | C14: =B14/'Demographics & rates'!E14 -> 0.011248387 | D14: =E14*'Demographics & rates'!E14 -> 34109000 | E14: 1048.282 | F14: 117 | G14: 7 | H14: 88916.74
A15: Gisborne District Council | B15: 393 | C15: =B15/'Demographics & rates'!E15 -> 0.020347934 | D15: =E15*'Demographics & rates'!E15 -> 31186000 | E15: 1614.6836 | F15: 160 | G15: 13 | H15: 100885
A16: Gore District Council | B16: 104 | C16: =B16/'Demographics & rates'!E16 -> 0.017989967 | D16: =E16*'Demographics & rates'!E16 -> 9625000 | E16: 1664.9369 | F16: 14 | G16: 3 | H16: Witheld
A17: Greater Wellington Regional Council | B17: 762 | C17: =B17/'Demographics & rates'!E17 -> 0.0035440707 | D17: =E17*'Demographics & rates'!E17 -> 87151000 | E17: 405.34029 | F17: 424.24 | G17: 33.5 | H17: 105809
A18: Grey District Council | B18: 89 | C18: =B18/'Demographics & rates'!E18 -> 0.012921022 | D18: =E18*'Demographics & rates'!E18 -> 8012000 | E18: 1163.1823 | F18: 24 | G18: 3 | H18: 97456.83
A19: Hamilton City Council | B19: 1273 | C19: =B19/'Demographics & rates'!E19 -> 0.019463939 | D19: 122704000 | E19: 3152.623 | F19: 348 | G19: 38 | H19: 104560
A20: Hastings District Council | B20: 478 | C20: =B20/'Demographics & rates'!E20 -> 0.014609695 | D20: 48115000 | E20: 3152.623 | F20: 149 | G20: 12.6 | H20: 93926
A21: Hauraki District Council | B21: 223 | C21: =B21/'Demographics & rates'!E21 -> 0.022773693 | D21: =E21*'Demographics & rates'!E21 -> 20681000 | E21: 2112.0302 | F21: 66 | G21: 3 | H21: Declined
A22: Hawke's Bay Regional Council | B22: 332.94 | C22: =B22/'Demographics & rates'!E22 -> 0.0047137275 | D22: 36115000 | E22: 523.94099 | F22: 124 | G22: 11 | H22: 94245
A23: Horizons Regional Council | B23: 300 | C23: =B23/'Demographics & rates'!E23 -> 0.0027807903 | D23: =E23*'Demographics & rates'!E23 -> 29366000 | E23: 272.20229 | F23: 87 | G23: 6.4 | H23: 87229
A24: Horowhenua District Council | B24: 277 | C24: =B24/'Demographics & rates'!E24 -> 0.016190309 | D24: =E24*'Demographics & rates'!E24 -> 21277000 | E24: 1243.6145 | F24: 61 | G24: 9.98 | H24: 77248
A25: Hurunui District Council | B25: 222 | C25: =B25/'Demographics & rates'!E25 -> 0.030191758 | D25: =E25*'Demographics & rates'!E25 -> 18635000 | E25: 2534.3397 | F25: 33 | G25: 2 | H25: Declined
A26: Hutt City Council | B26: 538 | C26: =B26/'Demographics & rates'!E26 -> 0.01270426 | D26: =E26*'Demographics & rates'!E26 -> 49499000 | E26: 1168.8628 | F26: 172 | G26: 10.31 | H26: 101981.45
A27: Invercargill City Council | B27: 379 | C27: =B27/'Demographics & rates'!E27 -> 0.015843157 | D27: =E27*'Demographics & rates'!E27 -> 34522000 | E27: 1443.1068 | F27: 77.65 | G27: 11 | H27: 86773
A28: Kaikōura District Council | B28: 38 | C28: =B28/'Demographics & rates'!E28 -> 0.01540957 | D28: =E28*'Demographics & rates'!E28 -> 3562000 | E28: 1444.4444 | F28: 12 | G28: 1 | H28: Declined
A29: Kaipara District Council | B29: 164 | C29: =B29/'Demographics & rates'!E29 -> 0.012268103 | D29: =E29*'Demographics & rates'!E29 -> 15980000 | E29: 1195.392 | F29: 41 | G29: 10.8 | H29: 81280
A30: Kapiti Coast District Council | B30: 414 | C30: =B30/'Demographics & rates'!E30 -> 0.015796703 | D30: 37007000 | E30: Unavailable | F30: 143 | G30: 12 | H30: 112907
A31: Kawerau District Council | B31: 76 | C31: =B31/'Demographics & rates'!E31 -> 0.026921714 | D31: =E31*'Demographics & rates'!E31 -> 6838000 | E31: 2422.2458 | F31: 12 | G31: 2 | H31: 94248
A32: Mackenzie District Council | B32: 48 | C32: =B32/'Demographics & rates'!E32 -> 0.01161103 | D32: =E32*'Demographics & rates'!E32 -> 6032000 | E32: 1459.1195 | F32: 21 | G32: 2 | H32: Witheld
A33: Manawatū District Council | B33: 155 | C33: =B33/'Demographics & rates'!E33 -> 0.011587052 | D33: =E33*'Demographics & rates'!E33 -> 15820000 | E33: 1182.6269 | F33: 51 | G33: 3 | H33: Declined
A34: Marlborough District Council | B34: 321 | C34: =B34/'Demographics & rates'!E34 -> 0.013196843 | D34: 31492000 | E34: 1294.6884 | F34: 136 | G34: 2 | H34: Declined
A35: Masterton District Council | B35: 132 | C35: =B35/'Demographics & rates'!E35 -> 0.010599855 | D35: =E35*'Demographics & rates'!E35 -> 14710000 | E35: 1181.2415 | F35: 45 | G35: 1.6 | H35: Witheld
A36: Matamata-Piako District Council | B36: 330 | C36: =B36/'Demographics & rates'!E36 -> 0.021764939 | D36: 23851000 | E36: 1573.0774 | F36: 64 | G36: 6.63 | H36: 77445
A37: Napier City Council | B37: 669 | C37: =B37/'Demographics & rates'!E37 -> 0.025019634 | D37: =E37*'Demographics & rates'!E37 -> 59871000 | E37: 2239.089 | F37: 148 | G37: 11 | H37: 107521
A38: Nelson City Council | B38: 326.83 | C38: =B38/'Demographics & rates'!E38 -> 0.014444886 | D38: =E38*'Demographics & rates'!E38 -> 32616000 | E38: 1441.5274 | F38: 101.15 | G38: 9.53 | H38: 97386
A39: New Plymouth District Council | B39: 611 | C39: =B39/'Demographics & rates'!E39 -> 0.020326015 | D39: =E39*'Demographics & rates'!E39 -> 61580000 | E39: 2048.5695 | F39: 217 | G39: 7.1 | H39: 75351.76
A40: Northland Regional Council | B40: 315 | C40: =B40/'Demographics & rates'!E40 -> 0.0036101083 | D40: =E40*'Demographics & rates'!E40 -> 28068000 | E40: 321.67784 | F40: 71 | G40: 11.6 | H40: 85617.85
A41: Ōpōtiki District Council | B41: 78 | C41: =B41/'Demographics & rates'!E41 -> 0.016549968 | D41: =E41*'Demographics & rates'!E41 -> 6759000 | E41: 1434.1184 | F41: 22 | G41: 2 | H41: 91597
A42: Otago Regional Council | B42: 336 | C42: =B42/'Demographics & rates'!E43 -> 0.076086957 | D42: =E42*'Demographics & rates'!E43 -> 1344517.5 | E42: 304.46501 | F42: 136 | G42: 14 | H42: 88644
A43: Ōtorohanga District Council | B43: 58 | C43: =B43/'Demographics & rates'!E42 -> 0.00052636355 | D43: 5825000 | E43: 1319.067 | F43: 21 | G43: 1.5 | H43: Declined
A44: Palmerston North City Council | B44: 641 | C44: =B44/'Demographics & rates'!E44 -> 0.018860152 | D44: =E44*'Demographics & rates'!E44 -> 56836000 | E44: 1672.2865 | F44: 152 | G44: 18.38 | H44: 102630
A45: Porirua City Council | B45: 488 | C45: =B45/'Demographics & rates'!E45 -> 0.023712342 | D45: =E45*'Demographics & rates'!E45 -> 39155000 | E45: 1902.5753 | F45: 117 | G45: 8 | H45: 98034.38
A46: Queenstown-Lakes District Council | B46: 488 | C46: =B46/'Demographics & rates'!E46 -> 0.019441457 | D46: =E46*'Demographics & rates'!E46 -> 48487000 | E46: 1931.676 | F46: 208 | G46: 11.4 | H46: 91653
A47: Rangitīkei District Council | B47: 99 | C47: =B47/'Demographics & rates'!E47 -> 0.014224138 | D47: =E47*'Demographics & rates'!E47 -> 8830000 | E47: 1268.6782 | F47: 32 | G47: 2.75 | H47: Witheld
A48: Rotorua Lakes District Council | B48: 368 | C48: =B48/'Demographics & rates'!E48 -> 0.012408119 | D48: =E48*'Demographics & rates'!E48 -> 34866000 | E48: 1175.6019 | F48: =146+12 -> 158 | G48: 17 | H48: 102246
A49: Ruapehu District Council | B49: 79 | C49: =B49/'Demographics & rates'!E49 -> 0.010392002 | D49: =E49*'Demographics & rates'!E49 -> 6926000 | E49: 911.07603 | F49: 19 | G49: 1 | H49: Note
A50: Selwyn District Council | B50: 427 | C50: =B50/'Demographics & rates'!E50 -> 0.014197839 | D50: =E50*'Demographics & rates'!E50 -> 42386000 | E50: 1409.3433 | F50: =137+8 -> 145 | G50: 16 | H50: 112079
A51: South Taranaki District Council | B51: 208 | C51: =B51/'Demographics & rates'!E51 -> 0.016804007 | D51: =E51*'Demographics & rates'!E51 -> 18655000 | E51: 1507.1094 | F51: 49 | G51: 3 | H51: 84130
A52: South Waikato District Council | B52: 154 | C52: =B52/'Demographics & rates'!E52 -> 0.015536723 | D52: =E52*'Demographics & rates'!E52 -> 15161000 | E52: 1529.5601 | F52: 35 | G52: 3 | H52: 81598
A53: South Wairarapa District Council | B53: 71.4 | C53: =B53/'Demographics & rates'!E53 -> 0.011409396 | D53: =E53*'Demographics & rates'!E53 -> 6615000 | E53: 1057.047 | F53: 15.8 | G53: 3 | H53: 84825
A54: Southland District Council | B54: 190 | C54: =B54/'Demographics & rates'!E54 -> 0.011625061 | D54: =E54*'Demographics & rates'!E54 -> 18656000 | E54: 1141.4586 | F54: Declined | G54: 4 | H54: 102828
A55: Stratford District Council | B55: 75 | C55: =B55/'Demographics & rates'!E55 -> 0.017433752 | D55: =E55*'Demographics & rates'!E55 -> 6196000 | E55: 1440.2603 | F55: Declined | G55: 1.5 | H55: Declined
A56: Taranaki Regional Council | B56: 233 | C56: =B56/'Demographics & rates'!E56 -> 0.0044254511 | D56: =E56*'Demographics & rates'!E56 -> 22069000 | E56: 419.16429 | F56: Declined | G56: 9.87 | H56: Declined
A57: Tararua District Council | B57: 126 | C57: =B57/'Demographics & rates'!E57 -> 0.015384615 | D57: =E57*'Demographics & rates'!E57 -> 10875000 | E57: 1327.8388 | F57: 33 | G57: 4.5 | H57: 83010
A58: Tasman District Council | B58: 383 | C58: =B58/'Demographics & rates'!E59 -> 0.017374342 | D58: 38130000 | E58: 107.97903 | F58: =194+12 -> 206 | G58: 7 | H58: 92833.91
A59: Taupo District Council | B59: 382 | C59: =B59/'Demographics & rates'!E58 -> 0.014832071 | D59: =E59*'Demographics & rates'!E58 -> 36313335 | E59: 1409.9528 | F59: 103 | G59: 14.625 | H59: 94120
A60: Tauranga City Council | B60: 1148 | C60: =B60/'Demographics & rates'!E60 -> 0.018640297 | D60: =E60*'Demographics & rates'!E60 -> 106883000 | E60: 1735.4799 | F60: 514 | G60: 34.42 | H60: 110759
A61: Thames-Coromandel District Council | B61: 255 | C61: =B61/'Demographics & rates'!E61 -> 0.00884526 | D61: =E61*'Demographics & rates'!E61 -> 24460000 | E61: 848.45121 | F61: 88 | G61: 4.6 | H61: 84616.88
A62: Timaru District Council | B62: 292.69 | C62: =B62/'Demographics & rates'!E62 -> 0.013658593 | D62: =E62*'Demographics & rates'!E62 -> 26189000 | E62: 1222.1289 | F62: 75 | G62: 1.2 | H62: Witheld
A63: Upper Hutt City Council | B63: 185 | C63: =B63/'Demographics & rates'!E63 -> 0.010364146 | D63: =E63*'Demographics & rates'!E63 -> 17914000 | E63: 1003.5854 | F63: 48 | G63: 5.88 | H63: 86919.59
A64: Waikato District Council | B64: 431 | C64: =B64/'Demographics & rates'!E64 -> 0.013524114 | D64: =E64*'Demographics & rates'!E64 -> 44997000 | E64: 1411.9364 | F64: 213 | G64: 13 | H64: 109055
A65: Waikato Regional Council | B65: 608 | C65: =B65/'Demographics & rates'!E65 -> 0.0028330328 | D65: =E65*'Demographics & rates'!E65 -> 61481000 | E65: 286.47646 | F65: 328 | G65: 18.6 | H65: 97345
A66: Waimakariri District Council | B66: 396 | C66: =B66/'Demographics & rates'!E66 -> 0.014465753 | D66: 37184000 | E66: 1358.3196 | F66: 146 | G66: 6 | H66: 102670
A67: Waimate District Council | B67: 79 | C67: =B67/'Demographics & rates'!E67 -> 0.01996462 | D67: 5802000 | E67: 1466.26 | F67: 14 | G67: 3.9 | H67: 62758.6
A68: Waipā District Council | B68: 332 | C68: =B68/'Demographics & rates'!E68 -> 0.014200778 | D68: =E68*'Demographics & rates'!E68 -> 32154000 | E68: 1375.3368 | F68: =118+7 -> 125 | G68: 7.125 | H68: 88856
A69: Wairoa District Council | B69: 79 | C69: =B69/'Demographics & rates'!E69 -> 0.018544601 | D69: 6655000 | E69: 15200.939 | F69: 31 | G69: Witheld | H69: Witheld
A70: Waitaki District Council | B70: 207 | C70: =B70/'Demographics & rates'!E70 -> 0.017176998 | D70: =E70*'Demographics & rates'!E70 -> 18164000 | E70: 1507.2608 | F70: =28+18+7+10 -> 63 | G70: 4 | H70: Declined
A71: Waitomo District Council | B71: 76 | C71: =B71/'Demographics & rates'!E71 -> 0.017245292 | D71: =E71*'Demographics & rates'!E71 -> 7248000 | E71: 1644.6562 | F71: 31 | G71: 1.3 | H71: Declined
A72: Wellington City Council | B72: 1502 | C72: =B72/'Demographics & rates'!E72 -> 0.017737783 | D72: 156455000 | E72: 1847.65 | F72: =772+65 -> 837 | G72: 20.8 | H72: 113597
A73: West Coast Regional Council | B73: 91 | C73: =B73/'Demographics & rates'!E73 -> 0.0050648411 | D73: 7400000 | E73: 1293.3712 | F73: 30 | G73: 2 | H73: 78609
A74: Western Bay of Plenty District Council | B74: 309 | C74: =B74/'Demographics & rates'!E74 -> 0.012931576 | D74: 31218000 | E74: 1308.54 | F74: 129.93 | G74: 5.6 | H74: 94772
A75: Westland District Council | B75: 70 | C75: =B75/'Demographics & rates'!E75 -> 0.013980427 | D75: =E75*'Demographics & rates'!E75 -> 6704000 | E75: 1338.9255 | F75: 23 | G75: 1 | H75: Declined
A76: Whakatane District Council | B76: 283 | C76: =B76/'Demographics & rates'!E76 -> 0.018889334 | D76: =E76*'Demographics & rates'!E76 -> 26885000 | E76: 1794.4867 | F76: 83 | G76: 9.63 | H76: 99987.05
A77: Whanganui District Council | B77: 238 | C77: =B77/'Demographics & rates'!E77 -> 0.011584891 | D77: =E77*'Demographics & rates'!E77 -> 24933000 | E77: 1213.639 | F77: 79 | G77: 6.9 | H77: 91592
A78: Whangarei District Council | B78: 407 | C78: =B78/'Demographics & rates'!E78 -> 0.00985019 | D78: =E78*'Demographics & rates'!E78 -> 35764000 | E78: 865.55822 | F78: 94 | G78: 12.8 | H78: 84307

Sheet Audit & oversight
A1: Council name | B1: Number of members on committee | C1: Independent members | D1: Independent chair | E1: Lawyer on committee | F1: Accountant on committee | G1: Staff code of conduct requiring political neutrality
A2: Ashburton District Council | B2: 7 | C2: Yes | D2: No | E2: No | F2: Yes | G2: Yes
A3: Auckland Council | B3: 10 | C3: Yes | D3: Yes | E3: Yes | F3: Yes | G3: Yes
A4: Bay of Plenty Regional Council | B4: 6 | C4: Yes | D4: No | E4: No | F4: No | G4: Yes
A5: Buller District Council | B5: Unavailable | C5: Unavailable | D5: Unavailable | E5: Unavailable | F5: Unavailable | G5: Unavailable
A6: Carterton District Council | B6: 7 | C6: Yes | D6: Yes | E6: Declined | F6: Declined | G6: Yes
A7: Central Hawke's Bay District Council | B7: 5 | C7: Yes | D7: Yes | E7: No | F7: Yes | G7: Yes
A8: Central Otago District Council | B8: 5 | C8: Yes | D8: Yes | E8: No | F8: No | G8: Yes
A9: Christchurch City Council | B9: 7 | C9: Yes | D9: Yes | E9: Yes | F9: Yes | G9: Yes
A10: Clutha District Council | B10: 9 | C10: Yes | D10: Yes | E10: No | F10: Yes | G10: Yes
A11: Dunedin City Council | B11: 6 | C11: Yes | D11: Yes | E11: Yes | F11: Yes | G11: Yes
A12: Environment Canterbury | B12: 7 | C12: Yes | D12: No | E12: No | F12: Yes | G12: Yes
A13: Environment Southland | B13: 8 | C13: Yes | D13: Yes | E13: No | F13: Yes | G13: Yes
A14: Far North District Council | B14: 7 | C14: Yes | D14: Yes | E14: No | F14: Yes | G14: No
A15: Gisborne District Council | B15: 6 | C15: Yes | D15: Yes | E15: No | F15: No | G15: Yes
A16: Gore District Council | B16: 9 | C16: Yes | D16: No | E16: Yes | F16: Yes | G16: Yes
A17: Greater Wellington Regional Council | B17: 7 | C17: Yes | D17: Yes | E17: Declined | F17: Declined | G17: Yes
... A78: Whangarei District Council | B78: 8 | C78: Yes | D78: Yes | E78: No | F78: Yes | G78: Yes

Sheet Payments to lobby groups
A1: Council name | B1: Total payments to chamber of commerce | C1: Total payments to lgnz lobby group | D1: Total payments to Taituara lobby group | E1: Total
A2: Ashburton District Council | B2: 6095 | C2: 63294 | D2: 18845.52 | E2: =SUM(B2:D2) -> 88234.52
A3: Auckland Council | B3: 30388.73 | C3: 270040 | D3: 204958.75 | E3: =SUM(B3:D3) -> 505387.48
A4: Bay of Plenty Regional Council | B4: 3372 | C4: 83928.63 | D4: 47208.01 | E4: =SUM(B4:D4) -> 134508.64
A5: Carterton District Council | B5: 17250 | C5: 31270.05 | D5: 18952.99 | E5: =SUM(B5:D5) -> 67473.04
A6: Central Hawke's Bay District Council | B6: 7264 | C6: 55163 | D6: 31033 | E6: =SUM(B6:D6) -> 93460
A7: Central Otago District Council | B7: 5635 | C7: 58952.86 | D7: 29920.79 | E7: =SUM(B7:D7) -> 94508.65
A8: Christchurch City Council | B8: 16468 | C8: 47322.5 | D8: 74770.14 | E8: =SUM(B8:D8) -> 138560.64
A9: Clutha District Council | B9: Nil | C9: 53908.14 | D9: 28956.03 | E9: =SUM(B9:D9) -> 82864.17
A10: Dunedin City Council | B10: 227046 | C10: 147505 | D10: 46498 | E10: =SUM(B10:D10) -> 421049
A11: Environment Canterbury | B11: 13060.55 | C11: 110556.06 | D11: 45178.22 | E11: =SUM(B11:D11) -> 168794.83
A12: Environment Southland | B12: 3204 | C12: 60278 | D12: 24500 | E12: =SUM(B12:D12) -> 87982
A13: Far North District Council | B13: 6736.7 | C13: 109188.33 | D13: 46385.04 | E13: =SUM(B13:D13) -> 162310.07
A14: Gisborne District Council | B14: 920 | C14: 107515.84 | D14: 68043.7 | E14: =SUM(B14:D14) -> 176479.54
A15: Gore District Council | B15: 12625.65 | C15: 50191.65 | D15: 24870.27 | E15: =SUM(B15:D15) -> 87687.57
A16: Greater Wellington Regional Council | B16: 10364.37 | C16: 181003.27 | D16: 85970.31 | E16: =SUM(B16:D16) -> 277337.95
A17: Grey District Council | B17: Nil | C17: 230 | D17: 16262.71 | E17: =SUM(B17:D17) -> 16492.71
A18: Hamilton City Council | B18: 6116 | C18: 80219 | D18: 66318 | E18: =SUM(B18:D18) -> 152653
A19: Hastings District Council | B19: 70785.29 | C19: 85004.62 | D19: 42976.34 | E19: =SUM(B19:D19) -> 198766.25
A20: Hauraki District Council | B20: 0 | C20: 81458 | D20: 68160 | E20: =SUM(B20:D20) -> 149618
A21: Hawke's Bay Regional Council | B21: 10249.95 | C21: 66107.51 | D21: 72457.07 | E21: =SUM(B21:D21) -> 148814.53
A22: Horizons Regional Council | B22: 0 | C22: 73209.16 | D22: 29341.08 | E22: =SUM(B22:D22) -> 102550.24
A23: Horowhenua District Council | B23: 0 | C23: 70194.02 | D23: 31304.25 | E23: =SUM(B23:D23) -> 101498.27
A24: Hurunui District Council | B24: 2208 | C24: 56197.69 | D24: 24325.8 | E24: =SUM(B24:D24) -> 82731.49
A25: Hutt City Council | B25: 346427.73 | C25: 128881.39 | D25: 55090.44 | E25: =SUM(B25:D25) -> 530399.56
A26: Invercargill City Council | B26: 64579.48 | C26: 79556.03 | D26: 48755.68 | E26: =SUM(B26:D26) -> 192891.19
A27: Kaikōura District Council | B27: 2495.21 | C27: Nil | D27: Nil | E27: =SUM(B27:D27) -> 2495.21
A28: Kaipara District Council | B28: 47326 | C28: Nil | D28: Nil | E28: =SUM(B28:D28) -> 47326
A29: Kapiti Coast District Council | B29: 36731.25 | C29: 74100.3 | D29: 64076.46 | E29: =SUM(B29:D29) -> 174908.01
A30: Kawerau District Council | B30: 537.5 | C30: 32102.62 | D30: 1897.5 | E30: =SUM(B30:D30) -> 34537.62
A31: Mackenzie District Council | B31: 82177.85 | C31: 32081.78 | D31: 20579.3 | E31: =SUM(B31:D31) -> 134838.93
A32: Manawatū District Council | B32: 1810.75 | C32: 67549.82 | D32: 37470.36 | E32: =SUM(B32:D32) -> 106830.93
A33: Marlborough District Council | B33: 7596 | C33: 6011.86 | D33: 50645 | E33: =SUM(B33:D33) -> 64252.86
A34: Masterton District Council | B34: 34787.5 | C34: 54411.48 | D34: 29570 | E34: =SUM(B34:D34) -> 118768.98
A35: Matamata-Piako District Council | B35: 300892.64 | C35: 59305.79 | D35: 37704.5 | E35: =SUM(B35:D35) -> 397902.93
A36: Napier City Council | B36: 22156.81 | C36: 119778.1 | D36: 87676.97 | E36: =SUM(B36:D36) -> 229611.88
A37: Nelson City Council | B37: 269852 | C37: 91125 | D37: 43839 | E37: =SUM(B37:D37) -> 404816
A38: New Plymouth District Council | B38: 56346.63 | C38: 114605.94 | D38: 41272.27 | E38: =SUM(B38:D38) -> 212224.84
A39: Northland Regional Council | B39: 20709.2 | C39: 56239.7 | D39: Nil | E39: =SUM(B39:D39) -> 76948.9
A40: Ōpōtiki District Council | B40: 425.5 | C40: 52604.96 | D40: 21142.74 | E40: =SUM(B40:D40) -> 74173.2
A41: Otago Regional Council | B41: Nil | C41: 60985 | D41: 36568 | E41: =SUM(B41:D41) -> 97553
A42: Ōtorohanga District Council | B42: Nil | C42: 50386.79 | D42: 38934.13 | E42: =SUM(B42:D42) -> 89320.92
A43: Palmerston North City Council | B43: 28724.25 | C43: 82186.07 | D43: 45219.54 | E43: =SUM(B43:D43) -> 156129.86
A44: Porirua City Council | B44: 70886 | C44: 73188.33 | D44: 26063.35 | E44: =SUM(B44:D44) -> 170137.68
A45: Queenstown-Lakes District Council | B45: 18687.08 | C45: 74033.16 | D45: 52838.54 | E45: =SUM(B45:D45) -> 145558.78
A46: Rangitīkei District Council | B46: 414 | C46: 52459 | D46: 39828 | E46: =SUM(B46:D46) -> 92701
A47: Rotorua Lakes Council | B47: 27235 | C47: 87052.55 | D47: 29214.14 | E47: =SUM(B47:D47) -> 143501.69
A48: Ruapehu District Council | B48: Nil | C48: 64300 | D48: 34365 | E48: =SUM(B48:D48) -> 98665
A49: Selwyn District Council | B49: 12506.24 | C49: 70644.7 | D49: 43196.38 | E49: =SUM(B49:D49) -> 126347.32
A50: South Taranaki District Council | B50: 11615.31 | C50: 63117.7 | D50: 34491.38 | E50: =SUM(B50:D50) -> 109224.39
A51: South Waikato District Council | B51: Nil | C51: 54703 | D51: 15673 | E51: =SUM(B51:D51) -> 70376
A52: South Wairarapa District Council | B52: 17537.5 | C52: 59798.18 | D52: 19000.24 | E52: =SUM(B52:D52) -> 96335.92
A53: Southland District Council | B53: 1133.9 | C53: 73257 | D53: 46454.96 | E53: =SUM(B53:D53) -> 120845.86
A54: Stratford District Council | B54: 3734 | C54: 42273 | D54: 18833 | E54: =SUM(B54:D54) -> 64840
A55: Taranaki Regional Council | B55: 20445.03 | C55: 116733.11 | D55: 38087.27 | E55: =SUM(B55:D55) -> 175265.41
A56: Tararua District Council | B56: 92 | C56: 86704 | D56: 47167.56 | E56: =SUM(B56:D56) -> 133963.56
A57: Tasman District Council | B57: 21029 | C57: 88226 | D57: 41559 | E57: =SUM(B57:D57) -> 150814
A58: Taupo District Council | B58: 2260.81 | C58: 77081.14 | D58: 59800.65 | E58: =SUM(B58:D58) -> 139142.6
A59: Tauranga City Council | B59: 77050 | C59: 230 | D59: 66230.46 | E59: =SUM(B59:D59) -> 143510.46
A60: Thames-Coromandel District Council | B60: Nil | C60: 86344.01 | D60: 66097.75 | E60: =SUM(B60:D60) -> 152441.76
A61: Timaru District Council | B61: 22074.26 | C61: 77278.87 | D61: 37813.92 | E61: =SUM(B61:D61) -> 137167.05
A62: Upper Hutt City Council | B62: 43640.41 | C62: 64361.27 | D62: 40658.87 | E62: =SUM(B62:D62) -> 148660.55
A63: Waikato District Council | B63: 2267 | C63: 70628.32 | D63: 32269.52 | E63: =SUM(B63:D63) -> 105164.84
A64: Waikato Regional Council | B64: 1938.75 | C64: 104380.38 | D64: 41697.46 | E64: =SUM(B64:D64) -> 148016.59
A65: Waimakariri District Council | B65: 7307.53 | C65: 66156.44 | D65: 37626.14 | E65: =SUM(B65:D65) -> 111090.11
A66: Waimate District Council | B66: 10843.35 | C66: 66234.89 | D66: 17021.39 | E66: =SUM(B66:D66) -> 94099.63
A67: Waipā District Council | B67: 38610 | C67: 81343 | D67: 45070 | E67: =SUM(B67:D67) -> 165023
A68: Wairoa District Council | B68: 2770.98 | C68: 41742.02 | D68: 28984 | E68: =SUM(B68:D68) -> 73497
A69: Waitaki District Council | B69: 103298.75 | C69: 71423.08 | D69: 32585 | E69: =SUM(B69:D69) -> 207306.83
A70: Waitomo District Council | B70: Nil | C70: 45900 | D70: 17328 | E70: =SUM(B70:D70) -> 63228
A71: Wellington City Council | B71: 95249.87 | C71: 203175.96 | D71: 66671.25 | E71: =SUM(B71:D71) -> 365097.08
A72: West Coast Regional Council | B72: Nil | C72: Nil | D72: 13909.89 | E72: =SUM(B72:D72) -> 13909.89
A73: Western Bay of Plenty District Council | B73: 977.5 | C73: 81134.69 | D73: 75735.4 | E73: =SUM(B73:D73) -> 157847.59
A74: Westland District Council | B74: Nil | C74: 1265 | D74: 23906 | E74: =SUM(B74:D74) -> 25171
A75: Whakatane District Council | B75: 19150 | C75: 147914 | D75: 70052 | E75: =SUM(B75:D75) -> 237116
A76: Whanganui District Council | B76: 62232.26 | C76: $74,303.10 | D76: 43578.96 | E76: =SUM(B76:D76) -> 105811.22
A77: Whangarei District Council | B77: 34446.07 | C77: 95910 | D77: 44305.9 | E77: =SUM(B77:D77) -> 174661.97
